 Dungeon Crawl Stone Soup version 0.31-a0-875-g02e7d12df6 (webtiles) character file.

Game seed: 5145243448723497015

181484 subawu the Grappler (level 18, -7/113 HPs) *EXPLORE*
             Began as a Gnoll Shapeshifter on Oct 11, 2023.
             Mangled by an orc knight
             ... wielding a +3 bardiche
              (22 damage)
             ... on level 3 of the Vaults on Oct 12, 2023.
             The game lasted 01:42:03 (34054 turns).

subawu the Grappler (Gnoll Shapeshifter)           Turns: 34054, Time: 01:42:06

Health: -7/113     AC: 14    Str: -14 (23)XL:     18   Next: 30%
Magic:  25/31      EV:  2    Int: -46 (7) God:
Gold:   2123       SH:  0    Dex: -36 (11)Spells: 36/42 levels left

rFire   x x          .
                       - Unarmed
rCold   x . .        (shield currently unavailable)
rNeg    . . .        R - +0 plate armour "Nuimu" {rElec Will+}
rPois   .            B - +2 helmet
rElec   +            (no cloak)
rCorr   .            (no gloves)
SInv    .            (no boots)
Will    ++...        (no amulet) Stlth
                     l - +6 ring of strength
HPRegen 0.00/turn    P - +5 ring of evasion
MPRegen 0.22/turn

%: random rage (9%)
@: flux-form, on berserk cooldown, sick, inhibited regen, slowed, lost strength,
lost intelligence, lost dexterity, glowing, unable to read, very slow
A: glow, contaminating, fangs 1, strong nose, distributed training, low MP 1,
screaming 1, cold vulnerability 1, inability to read after injury 2, [berserk
2], [clumsy 1], [deformed body], [deterioration 1], [dopey 1], [frail 2],
[teleportitis 1], [weak 2], [no potion heal 2], heat vulnerability 1[+1],
[subdued magic 3], [inability to drink after injury 2]
a: Begin Untransformation


You were on level 3 of the Vaults.
You were something dangerously unstable.
You visited 3 branches of the dungeon, and saw 19 of its levels.
You visited the Abyss 3 times.
You also visited: Sewer.

You collected 2123 gold pieces.

Inventory:

Hand Weapons
 e - a +0 dagger of electrocution
 g - a +0 hand axe
Missiles
 y - 146 stones
Armour
 B - a +2 helmet (worn)
 D - a +0 kite shield of reflection
 Q - a +0 troll leather armour
 R - the +0 plate armour "Nuimu" (worn) {rElec Will+}
   (You found it on level 13 of the Dungeon)

   rElec:     It insulates you from electricity.
   Will+:     It increases your willpower.
 Z - the +4 scale mail of Objectivity {MP+9 Str+5 Int+2 Stlth-}
   (You found it on level 2 of the Vaults)

   Str+5:     It affects your strength (+5).
   Int+2:     It affects your intelligence (+2).
   MP+9:      It affects your magic capacity (+9).
   Stlth-:    It makes you less stealthy.
Jewellery
 l - a +6 ring of strength (left hand)
 F - a +4 ring of slaying
 P - a +5 ring of evasion (right hand)
Talismans
 c - a beast talisman
 d - a flux talisman (active)
Wands
 a - a wand of polymorph (4)
 r - a wand of iceblast (14)
 A - a wand of light (10)
 J - a wand of mindburst (18)
 K - a wand of digging (5)
 V - a wand of paralysis (5)
Scrolls
 f - 6 scrolls of revelation {unknown}
 j - 3 scrolls of teleportation {unknown}
 m - 4 scrolls of immolation
 n - 6 scrolls of identify
 p - 3 scrolls of vulnerability
 s - 2 scrolls of amnesia
 u - 4 scrolls of fog
 v - 3 scrolls of enchant weapon
 E - 2 scrolls of noise
 L - 3 scrolls of summoning {unknown}
 M - a scroll of acquirement {unknown}
 N - 3 scrolls of blinking {unknown}
 S - a scroll of enchant armour {unknown}
 T - a scroll of fear
 W - a scroll of brand weapon {unknown}
Potions
 b - 2 potions of lignification
 h - 2 potions of heal wounds
 i - 5 potions of curing
 k - 3 potions of attraction
 q - a potion of ambrosia
 x - 5 potions of haste
 z - 2 potions of invisibility {unknown}
 C - 3 potions of brilliance {unknown}
 H - a potion of resistance {unknown}
 I - a potion of magic {unknown}
 O - 4 potions of might {unknown}
 U - a potion of cancellation {unknown}
 Y - a potion of enlightenment {unknown}


   Skills:
 + Level 12.7 Fighting
 + Level 12.5 Short Blades
 + Level 12.5 Long Blades
 + Level 12.5 Axes
 + Level 12.5 Maces & Flails
 + Level 12.5 Polearms
 + Level 12.5 Staves
 + Level 12.5 Ranged Weapons
 + Level 12.5 Throwing
 + Level 12.5 Armour
 + Level 13.3 Dodging
 + Level 12.5 Stealth
 + Level 12.5 Shields
 + Level 14.0 Unarmed Combat
 + Level 12.5 Spellcasting
 + Level 10.6 Conjurations
 + Level 10.6 Hexes
 + Level 10.6 Summonings
 + Level 10.6 Necromancy
 + Level 10.6 Translocations
 + Level 10.6 Transmutations
 + Level 10.6 Fire Magic
 + Level 10.6 Ice Magic
 + Level 10.6 Air Magic
 + Level 10.6 Earth Magic
 + Level 10.6 Poison Magic
 + Level 13.5 Invocations
 + Level 12.5 Evocations
 + Level 13.1 Shapeshifting


You had 36 spell levels left.
You knew the following spells:

 Your Spells              Type           Power      Damage    Failure   Level
a - Blink                 Tloc           0%         N/A       100%        2
b - Wereblood             Tmut           0%         N/A       100%        2
c - Lesser Beckoning      Tloc           0%         N/A       100%        2

Your spell library contained the following spells:

 Spells                   Type           Power      Damage    Failure   Level
 Magic Dart               Conj           0%         1d3       100%        1
 Sting                    Tmut/Pois      0%         1d3       100%        1
 Call Imp                 Summ           0%         N/A       100%        2
 Ensorcelled Hibernation  Hex/Ice        0%         N/A       100%        2
 Momentum Strike          Conj/Tloc      0%         3d8       100%        2
 Passwall                 Tmut/Erth      0%         N/A       100%        2
 Poisonous Vapours        Pois/Air       0%         N/A       100%        2
 Sublimation of Blood     Necr           0%         N/A       100%        2
 Gell's Gravitas          Tloc           0%         N/A       100%        3
 Hailstorm                Conj/Ice       0%         3d3       100%        3
 Inner Flame              Hex/Fire       0%         N/A       100%        3
 Mephitic Cloud           Conj/Pois/Air  0%         N/A       100%        3
 Swiftness                Air            0%         N/A       100%        3
 Teleport Other           Tloc           0%         N/A       100%        3
 Animate Armour           Summ/Erth      0%         N/A       100%        4
 Flame Wave               Conj/Fire      0%         2d4       100%        4
 Manifold Assault         Tloc           0%         N/A       100%        4
 Olgreb's Toxic Radiance  Pois           0%         N/A       100%        4
 Sticky Flame             Conj/Fire      0%         2d3       100%        4
 Summon Ice Beast         Ice/Summ       0%         N/A       100%        4
 Summon Lightning Spire   Summ/Air       0%         N/A       100%        4
 Alistair's Intoxication  Tmut/Pois      0%         N/A       100%        5
 Borgnjor's Vile Clutch   Necr/Erth      0%         N/A       100%        5
 Irradiate                Conj/Tmut      0%         3d11      100%        5
 Lee's Rapid Deconstruct  Erth           0%         3d4*      100%        5
 Dispersal                Tloc           0%         N/A       100%        6
 Eringya's Noxious Bog    Tmut/Pois      0%         4d6       100%        6
 Simulacrum               Ice/Necr       0%         N/A       100%        6
 Summon Hydra             Summ           0%         N/A       100%        7
 Disjunction              Tloc           0%         N/A       100%        8


Dungeon Overview and Level Annotations

Branches:
Dungeon (14/15)            Temple (0/1) D:5            Lair (0/5) D:9
    Orc (2/2) D:9             Elf (0/3) Orc:2        Vaults (3/5) D:14
  Sewer (visited)
  Crypt: Vaults:2-3

Altars:
Fedhas
Hepliaklqana
Okawaru
Qazlal
Sif Muna
Uskayaw
Vehumet
Wu Jian
Yredelemnul
Zin
The Shining One

Shops:
D:1 (   D:4 [   D:10 (   Orc:1 [   Orc:2 **(:

Portals:
Trove: Vaults:2 (give 11 potions of heal wounds)


Innate Abilities, Weirdness & Mutations

You are something dangerously unstable.
You glow with magical radiation, making you easy to see and hit.
Foes you strike become dangerously contaminated with magical radiation.
You are incapable of wielding weapons or throwing items.
You have very sharp teeth.
Your uncanny sense of smell can sniff out nearby items.
Your experience applies equally to all skills.
Your magical capacity is low. (-10% MP)
You occasionally shout uncontrollably at your foes.
You are vulnerable to cold. (rC-)
You sometimes lose the ability to read scrolls when taking damage.
[You have an uncontrollable temper.]
[You are clumsy. (Dex -2)]
[Armour fits poorly on your strangely shaped body.]
[Your body sometimes deteriorates upon taking damage.]
[You are dopey. (Int -2)]
[You are very frail. (-20% HP)]
[You are occasionally teleported next to monsters.]
[You are very weak. (Str -4)]
[Potions cannot restore your health.]
[You are very vulnerable to heat. (rF--)]
[Your spells are much easier to cast, but much less powerful.]
[You sometimes lose the ability to drink potions when taking damage.]


Message History

The ynoxinul bellows!
The raiju barks!
You hear a horrible gurgling sound! x2
The starcursed mass touches you!
A starcursed mass splits.
You hear a loud, deep croak!
There is a gateway leading out of the Abyss, spattered with blood here.
Unknown command.
You feel a strong urge to attack something.
You hear an angry buzzing noise.
You hear a loud, deep croak!
You hear a roar! x2
The starcursed mass touches you. The red very ugly thing tail-slaps you!
A starcursed mass splits.
Your memory of the abyssal rune fades away.
You pass through the gate.
Welcome back to the Vaults!
You are no longer berserk.
You are exhausted.
You feel yourself slow down.
The yaktaur hits you but does no damage.
The slime creature hits you but does no damage.
The red ugly thing tail-slaps you but does no damage.
The purple ugly thing engulfs you.
Electricity crackles from the ironbound thunderhulk's apparatus.
The bolt of lightning hits you! You resist.
The yaktaur hits you but does no damage.
The orc knight hits you with a +3 bardiche.
You see here a +0 robe.
Welcome back, subawu the Gnoll Shapeshifter.
Press ? for a list of commands and other information.
You punch the yaktaur!
The yaktaur begins to glow.
The yaktaur is lightly wounded.
The starcursed mass stops glowing.
The yaktaur hits you but does no damage.
The red ugly thing barely misses you. The slime creature hits you!
* * * LOW HITPOINT WARNING * * *
A starcursed mass splits.
The red very ugly thing tail-slaps you.
* * * LOW HITPOINT WARNING * * *
The purple ugly thing engulfs you!
* * * LOW HITPOINT WARNING * * *
Your body deteriorates!
You feel dopey.
The yaktaur hits you but does no damage.
The orc knight hits you with a +3 bardiche!!
You die...

.... #.. ###'#
### # ∆ #...# ..#
#...#...+ .
#O.[#...# ...
#).['...#
.....#JJp#......
......+ocu#......
## ......#upJ#
....$ ..
......#Xcu# ##+##
.. ##### #X....
.# #....p.. ∆
#....$....
########## #.
#..#


You could see 2 starcursed masses, a red very ugly thing, an ironbound
thunderhulk, a vault guard, an orc knight, 2 ugly things, a large slime
creature, 2 slime creatures, 2 yaktaurs and a wizard.

Vanquished Creatures
  Saint Roka (Vaults:2)
  A golden dragon (Vaults:3)
  Jory (Vaults:2)
  3 bone dragons
  A lich (Abyss:5)
  A sphinx (Vaults:1)
  7 tentacled starspawn
  Donald (Orc:2)
  A fire giant (Vaults:3)
  A frost giant (Vaults:2)
  A balrug (Abyss:4)
  A draconian scorcher (Abyss:4)
  6 vault wardens
  2 orc warlords
  6 ironbound preservers
  2 formless jellyfish (Vaults:1)
  5 ironbound thunderhulks
  A cacodemon (Abyss:2)
  A very ugly thing (Abyss:5)
  2 war gargoyles (Vaults:3)
  A stone giant (Vaults:2)
  2 minotaurs (D:13)
  A caustic shrike skeleton (Abyss:4)
  A white draconian (Abyss:3)
  4 dire elephants
  A blizzard demon (Abyss:5)
  2 crystal guardians (Vaults:3)
  An ettin (Vaults:1)
  4 great orbs of eyes
  A vault guard (Vaults:3)
  4 yaktaur captains
  A quicksilver dragon skeleton (Abyss:4)
  A hydra (D:13)
  2 rakshasas
  3 two-headed ogres
  A boulder beetle (D:13)
  6 ironbound frosthearts
  2 peacekeepers (Vaults:3)
  Erica (D:10)
  8 centaur warriors
  4 death yaks (D:13)
  A vampire mage (Vaults:3)
  3 orc high priests (Orc:2)
  12 thrashing horrors
  3 sun demons (Abyss:4)
  5 wretched stars
  8 skeletal warriors
  16 deep trolls (Vaults:3)
  2 sixfirhies
  2 glowing orange brains (Vaults:3)
  A phantasmal warrior (Vaults:3)
  5 wizards
  18 lindwurms
  A harpy (Vaults:3)
  12 ironbound convokers
  14 large abominations
  7 orc knights
  14 ugly things
  2 wolf spider zombies (D:13)
  A mana viper (Abyss:4)
  6 orc sorcerers
  7 cyclopes
  2 worldbinders (Abyss:4)
  2 manticores
  7 centaur zombies (D:13)
  13 vault sentinels
  4 smoke demons (Abyss:4)
  2 gargoyles (D:12)
  2 hellions (Abyss:4)
  Psyche (D:10)
  A komodo dragon (D:10)
  A kobold demonologist (D:12)
  32 yaktaurs
  2 tormentors
  3 ancient zymes
  10 trolls
  3 hellwings (Abyss:4)
  Prince Ribbit (D:8)
  15 raiju
  A harpy skeleton (Abyss:4)
  A meliai zombie (D:13)
  20 slime creatures
  6 shadows
  2 wyverns
  A water elemental (D:13)
  3 hogs (D:8)
  A ynoxinul (Abyss:4)
  26 yaks
  3 vampires (D:13)
  3 wraiths
  A basilisk (D:14)
  A yak (shapeshifter) (D:13)
  5 neqoxecs
  A steam dragon (D:9)
  A human (D:8)
  Grum (D:8)
  2 chaos spawn
  7 vampire mosquitoes
  An acid dragon (D:11)
  2 ice beasts
  16 orc warriors
  4 sky beasts
  4 small abominations
  2 wolves (D:8)
  42 starcursed masses
  5 ogres
  4 phantoms
  2 centaurs (D:9)
  5 kobold brigands
  3 bullfrogs
  2 gnoll sergeants
  2 scorpions (D:5)
  7 wights
  5 troll zombies (D:9)
  9 killer bees
  6 howler monkeys
  7 electric eels
  A crimson imp (Abyss:4)
  4 jellies
  20 orc priests
  A gnoll bouda (D:7)
  6 hounds
  3 sleepcaps
  Terence (D:3)
  6 iguanas
  24 orc wizards
  3 ogre zombies (D:9)
  22 gnolls
  15 adders
  4 river rats
  A white imp (D:7)
  2 ufetubi
  4 worms
  3 dart slugs
  56 orcs
  14 endoplasms
  6 giant cockroaches
  8 goblins
  10 hobgoblins
  9 jackals
  19 kobolds
  2 quokkas
  12 ball pythons
  4 bats
  2 frilled lizards
  A goblin skeleton (D:9)
  3 goblin zombies (D:9)
  3 hobgoblin zombies (D:9)
  2 orc skeletons (D:9)
  16 orc zombies (D:9)
  14 rats
852 creatures vanquished.

Vanquished Creatures (others)
  A shard shrike simulacrum (Abyss:4)
  A draconian stormcaller (Abyss:4)
  A wizard (Vaults:2)
  A shining eye (Abyss:4)
  A smoke demon (Abyss:5)
  A tormentor (Abyss:4)
  4 large abominations (Abyss:4)
  6 golden eyes
  A steam dragon (shapeshifter) (Abyss:4)
  A small abomination (Abyss:4)
  2 starcursed masses (Abyss:4)
  An iron imp (Abyss:2)
  An orc wizard (Orc:2)
  5 gnolls (D:13)
  2 orcs
  3 lurking horrors (Abyss:4)
  54 starspawn tentacles
86 creatures vanquished.

Grand Total: 938 creatures vanquished

Notes
Turn   | Place    | Note
-------+----------+-------------------------------------------
     0 | D:1      | subawu the Gnoll Shapeshifter began the quest for the Orb.
     0 | D:1      | Reached XP level 1. HP: 17/17 MP: 1/1
   127 | D:1      | Found Potood's Weapon Shop.
   144 | D:1      | Reached XP level 2. HP: 22/23 MP: 2/2
   156 | D:1      | Entered explore mode.
   291 | D:1      | Found a faded altar of an unknown god.
   593 | D:1      | Reached XP level 3. HP: 15/28 MP: 2/4
   909 | D:2      | Reached skill level 1 in Invocations
  1268 | D:2      | Reached skill level 1 in Short Blades
  1268 | D:2      | Reached skill level 1 in Long Blades
  1268 | D:2      | Reached skill level 1 in Axes
  1268 | D:2      | Reached skill level 1 in Maces & Flails
  1268 | D:2      | Reached skill level 1 in Polearms
  1268 | D:2      | Reached skill level 1 in Staves
  1268 | D:2      | Reached skill level 1 in Ranged Weapons
  1268 | D:2      | Reached skill level 1 in Throwing
  1268 | D:2      | Reached skill level 1 in Armour
  1268 | D:2      | Reached skill level 1 in Stealth
  1268 | D:2      | Reached skill level 1 in Shields
  1268 | D:2      | Reached skill level 1 in Spellcasting
  1268 | D:2      | Reached skill level 1 in Evocations
  1276 | D:2      | Reached XP level 4. HP: 25/34 MP: 5/5
  1753 | D:2      | Reached skill level 1 in Conjurations
  1753 | D:2      | Reached skill level 1 in Hexes
  1753 | D:2      | Reached skill level 1 in Summonings
  1753 | D:2      | Reached skill level 1 in Necromancy
  1753 | D:2      | Reached skill level 1 in Translocations
  1753 | D:2      | Reached skill level 1 in Transmutations
  1753 | D:2      | Reached skill level 1 in Fire Magic
  1753 | D:2      | Reached skill level 1 in Ice Magic
  1753 | D:2      | Reached skill level 1 in Air Magic
  1753 | D:2      | Reached skill level 1 in Earth Magic
  1753 | D:2      | Reached skill level 1 in Poison Magic
  2045 | D:3      | HP: 1/34 [orc/+0 flail (3)]
  2047 | D:3      | Mangled by an orc
                  | ... wielding a +0 flail
                  | (8 damage)
  2305 | D:3      | Reached XP level 5. HP: 40/40 MP: 5/7
  2405 | D:3      | Noticed Terence
  2412 | Abyss:1  | Cast into level 1 of the Abyss (Terence)
  2478 | Abyss:1  | Noticed a neqoxec
  2493 | Abyss:1  | Gained mutation: [You are dopey. (Int -2)] [a neqoxec]
  2494 | Abyss:1  | Killed a neqoxec
  2495 | Abyss:1  | Reached XP level 6. HP: 17/47 MP: 8/8
  2495 | Abyss:1  | Noticed a raiju
  2498 | Abyss:1  | Noticed a raiju
  2504 | Abyss:1  | Noticed a raiju
  2505 | Abyss:1  | Killed from afar by a raiju (23 damage)
                  | ... with a living lightning
  2511 | Abyss:1  | Killed a raiju
  2511 | Abyss:1  | HP: 2/47 [raiju (7)]
  2512 | Abyss:1  | Reached skill level 5 in Dodging
  2512 | Abyss:1  | Reached XP level 7. HP: 2/52 MP: 8/10
  2512 | Abyss:1  | Mangled by a raiju (8 damage)
  2518 | Abyss:1  | Killed a raiju
  2518 | Abyss:1  | Noticed a sixfirhy
  2518 | Abyss:1  | Slain by a sixfirhy (11 damage)
  2519 | Abyss:1  | Reached skill level 7 in Unarmed Combat
  2519 | Abyss:1  | Mangled by a sixfirhy (10 damage)
  2519 | Abyss:1  | Noticed a raiju
  2523 | Abyss:1  | Killed a sixfirhy
  2524 | Abyss:1  | Reached XP level 8. HP: 21/60 MP: 9/12
  2524 | Abyss:1  | Killed from afar by a raiju (18 damage)
                  | ... with a living lightning
  2530 | Abyss:1  | HP: 3/60 [raiju (7)]
  2531 | Abyss:1  | Slain by a raiju (6 damage)
  2536 | Abyss:1  | Killed a raiju
  2537 | Abyss:1  | Killed from afar by a raiju (18 damage)
                  | ... with a living lightning
  2543 | Abyss:1  | Killed a raiju
  2556 | Abyss:1  | Noticed a large abomination
  2560 | D:3      | Escaped the Abyss
  2570 | D:3      | Slain by Terence
                  | ... wielding a +2 mace of distortion
                  | (13 damage)
  2572 | D:3      | Killed Terence
  2707 | D:3      | Found a shimmering blue altar of Sif Muna.
  3400 | D:4      | HP: 2/61 [poisoned by a killer bee]
  3400 | D:4      | Slain by a killer bee (3 damage)
  3408 | D:4      | HP: 3/61 [killer bee (1)]
  3409 | D:4      | Succumbed to a killer bee's poison
  3415 | D:4      | Reached XP level 9. HP: 42/66 MP: 14/14
  3793 | D:4      | Identified the +9 sling of Defence {antimagic, Int+3}
  3865 | D:4      | Found a basalt altar of Yredelemnul.
  3970 | D:4      | Found Diunek's Antique Armour Boutique.
  4068 | D:4      | Found a glowing silver altar of Zin.
  4087 | D:4      | Found a stormy altar of Qazlal.
  4093 | D:4      | Found an iron altar of Okawaru.
  4400 | D:5      | Entered Level 5 of the Dungeon
  4573 | D:5      | Reached skill level 5 in Fighting
  4943 | D:5      | Splashed by a jelly's acid (8 damage)
  4959 | D:5      | Slain by a wyvern (14 damage)
  4962 | D:5      | Reached skill level 8 in Unarmed Combat
  5082 | D:5      | Reached skill level 5 in Invocations
  5699 | D:5      | Found a staircase to the Ecumenical Temple.
  6014 | D:5      | Learned a level 2 spell: Blink
  6017 | D:5      | Learned a level 2 spell: Wereblood
  6532 | D:6      | Found a glowing drain.
  6649 | Sewer    | Entered a sewer
  7002 | Sewer    | Reached XP level 10. HP: 39/75 MP: 17/17
  7443 | Sewer    | Reached skill level 5 in Short Blades
  7443 | Sewer    | Reached skill level 5 in Long Blades
  7443 | Sewer    | Reached skill level 5 in Axes
  7443 | Sewer    | Reached skill level 5 in Maces & Flails
  7443 | Sewer    | Reached skill level 5 in Polearms
  7443 | Sewer    | Reached skill level 5 in Staves
  7443 | Sewer    | Reached skill level 5 in Ranged Weapons
  7443 | Sewer    | Reached skill level 5 in Throwing
  7443 | Sewer    | Reached skill level 5 in Armour
  7443 | Sewer    | Reached skill level 5 in Stealth
  7443 | Sewer    | Reached skill level 5 in Shields
  7443 | Sewer    | Reached skill level 5 in Spellcasting
  7443 | Sewer    | Reached skill level 5 in Evocations
  8006 | D:6      | Found a hide-covered altar of Uskayaw.
  8023 | D:6      | HP: 3/76 [orc priest/divine providence (16)]
  8023 | D:6      | Slain by an orc priest
                  | ... wielding a +0 war axe
                  | (4 damage)
  8043 | D:6      | HP: 1/76 [something/magic dart (3)]
  8044 | D:6      | Slain by an orc wizard
                  | ... wielding a +0 dagger
                  | (2 damage)
  9003 | D:7      | Mangled by a yak (11 damage)
  9017 | D:7      | Slain by a yak (14 damage)
  9035 | D:7      | Slain by a yak (10 damage)
  9314 | D:7      | HP: 2/76 [gnoll/+0 spear[a gnoll sergeant] (6)]
  9315 | D:7      | Slain by a gnoll
                  | ... wielding a +0 whip
                  | ... led by a gnoll sergeant
                  | (5 damage)
  9344 | D:7      | Noticed a manticore
  9355 | D:7      | Killed a manticore
  9883 | D:7      | Found a glowing golden altar of the Shining One.
 10365 | D:8      | Noticed Prince Ribbit
 10375 | D:8      | HP: 1/74 [Prince Ribbit (5)]
 10377 | D:8      | Slain by Prince Ribbit (3 damage)
 10378 | D:8      | Killed Prince Ribbit
 10379 | D:8      | Reached XP level 11. HP: 80/83 MP: 19/19
 10400 | D:8      | Noticed a two-headed ogre
 10412 | D:8      | Mangled by a two-headed ogre
                  | ... wielding a +0 giant spiked club
                  | (31 damage)
 10422 | D:8      | Reached skill level 9 in Unarmed Combat
 10427 | D:8      | Killed a two-headed ogre
 10428 | D:8      | Reached skill level 5 in Conjurations
 10428 | D:8      | Reached skill level 5 in Hexes
 10428 | D:8      | Reached skill level 5 in Summonings
 10428 | D:8      | Reached skill level 5 in Necromancy
 10428 | D:8      | Reached skill level 5 in Translocations
 10428 | D:8      | Reached skill level 5 in Transmutations
 10428 | D:8      | Reached skill level 5 in Fire Magic
 10428 | D:8      | Reached skill level 5 in Ice Magic
 10428 | D:8      | Reached skill level 5 in Air Magic
 10428 | D:8      | Reached skill level 5 in Earth Magic
 10428 | D:8      | Reached skill level 5 in Poison Magic
 10627 | D:8      | Noticed Grum
 10635 | D:8      | HP: 4/83 [Grum/+0 spear of flaming (3)]
 10636 | D:8      | Slain by a wolf (5 damage)
                  | ... led by Grum
 10651 | D:8      | Slain by Grum
                  | ... wielding a +0 spear of flaming
                  | (9 damage)
 10665 | D:8      | Killed Grum
 11198 | D:8      | Found an ornate altar of the Wu Jian Council.
 11375 | D:8      | HP: 3/83 [hog (3)]
 11377 | D:8      | Slain by a yak (4 damage)
 11892 | D:9      | Slain by a yak (10 damage)
 11955 | D:9      | Found a blossoming altar of Fedhas.
 12005 | D:9      | Found a staircase to the Orcish Mines.
 12041 | D:9      | HP: 1/84 [troll zombie (8)]
 12043 | D:9      | Mangled by a troll zombie (9 damage)
 12063 | D:9      | Slain by a troll zombie (8 damage)
 12107 | D:9      | HP: 4/84 [ogre zombie (4)]
 12107 | D:9      | Mangled by a troll zombie (12 damage)
 12127 | D:9      | Slain by a troll zombie (8 damage)
 12144 | D:9      | Slain by a troll zombie (12 damage)
 12175 | Orc:1    | Entered Level 1 of the Orcish Mines
 12201 | Orc:1    | Found Zoxiat's Antique Armour Boutique.
 12356 | Orc:1    | Killed by nerve-wracking pain
                  | ... invoked by an orc priest
                  | (14 damage)
 12367 | Orc:1    | Slain by an orc warrior
                  | ... wielding a +0 battleaxe
                  | (20 damage)
 12423 | Orc:1    | Killed by divine providence
                  | ... invoked by an orc priest
                  | (8 damage)
 12591 | Orc:2    | Entered Level 2 of the Orcish Mines
 12887 | Orc:2    | Noticed Donald
 12888 | Orc:2    | HP: 3/84 [troll (5)]
 12889 | Orc:2    | Slain by a troll (5 damage)
 12896 | Orc:2    | HP: 1/84 [orc priest/divine providence (12)]
 12896 | Orc:2    | Slain by an orc warrior
                  | ... wielding a +0 glaive
                  | (6 damage)
 12901 | Orc:2    | Mangled by Donald
                  | ... wielding a +1 double sword of holy wrath
                  | (32 damage)
 12904 | Orc:2    | HP: 4/84 [orc/+0 club (1)]
 12904 | Orc:2    | Mangled by an orc warrior
                  | ... wielding a +0 halberd
                  | (15 damage)
 12908 | Orc:2    | Demolished by Donald
                  | ... wielding a +1 double sword of holy wrath
                  | (38 damage)
 12909 | Orc:2    | Killed Donald
 12922 | Orc:2    | Noticed an orc warlord
 12925 | Orc:2    | HP: 3/84 [orc warrior/+0 glaive (13)]
 12925 | Orc:2    | Noticed an orc sorcerer
 12930 | Orc:2    | Shot with a bolt by an orc warlord (10 damage)
 12938 | Orc:2    | Killed from afar by an orc sorcerer (27 damage)
                  | ... with a bolt of negative energy
                  | ... led by an orc warlord
 12942 | Orc:2    | Slain by an orc warlord
                  | ... wielding a +2 long sword
                  | (29 damage)
 12943 | Orc:2    | Paralysed by an orc sorcerer for 4 turns
 12945 | Orc:2    | Slain by an orc warrior
                  | ... wielding a +0 glaive
                  | (23 damage)
                  | ... while paralysed by an orc sorcerer
 12949 | Orc:2    | Noticed a sixfirhy
 12949 | Orc:2    | Slain by an orc warrior
                  | ... wielding a +0 glaive
                  | (23 damage)
 12952 | Orc:2    | Slain by an orc warrior
                  | ... wielding a +0 glaive
                  | (17 damage)
 12955 | Orc:2    | Slain by a troll (10 damage)
                  | ... led by an orc warlord
 12957 | Orc:2    | HP: 2/73 [sixfirhy[an orc warlord] (9)]
 12957 | Orc:2    | Mangled by a sixfirhy (9 damage)
                  | ... summoned by an orc sorcerer
                  | ... led by an orc warlord
 12958 | Orc:2    | Paralysed by an orc sorcerer for 2 turns
 12959 | Orc:2    | Mangled by an orc warrior
                  | ... wielding a +0 glaive
                  | (16 damage)
                  | ... while paralysed by an orc sorcerer
 12961 | Orc:2    | Mangled by a sixfirhy (12 damage)
                  | ... summoned by an orc sorcerer
                  | ... led by an orc warlord
 12967 | Orc:2    | HP: 3/73 [orc sorcerer/+0 dagger[an orc warlord] (7)]
 12969 | Orc:2    | Slain by an orc
                  | ... wielding a +0 mace
                  | ... led by an orc warlord
                  | (7 damage)
 12972 | Orc:2    | Slain by an orc warrior
                  | ... wielding a +0 glaive
                  | (16 damage)
 12974 | Orc:2    | Paralysed by an orc sorcerer for 4 turns
 12975 | Orc:2    | HP: 3/73 [orc warlord/+2 long sword (12)]
 12975 | Orc:2    | Mangled by an orc warrior
                  | ... wielding a +0 glaive
                  | (12 damage)
                  | ... while paralysed by an orc sorcerer
 12976 | Orc:2    | Slain by an orc
                  | ... wielding a +0 trident
                  | ... led by an orc warlord
                  | (6 damage)
                  | ... while paralysed by an orc sorcerer
 12978 | Orc:2    | HP: 1/73 [troll[an orc warlord] (10)]
 12982 | Orc:2    | Killed from afar by an orc sorcerer (21 damage)
                  | ... with a bolt of fire
                  | ... led by an orc warlord
 12986 | Orc:2    | Shot with a bolt by an orc warlord (19 damage)
 12988 | Orc:2    | Killed an orc sorcerer
 12990 | Orc:2    | Killed from afar by an orc wizard (6 damage)
                  | ... with a magic dart
 12994 | Orc:2    | HP: 3/77 [troll[an orc warlord] (5)]
 12994 | Orc:2    | HP: 1/77 [troll[an orc warlord] (2)]
 12995 | Orc:2    | Slain by an orc
                  | ... wielding a +0 mace
                  | ... led by an orc warlord
                  | (5 damage)
 12998 | Orc:2    | Slain by a troll (15 damage)
                  | ... led by an orc warlord
 13006 | Orc:2    | Slain by a troll (7 damage)
                  | ... led by an orc warlord
 13007 | Orc:2    | Killed an orc warlord
 13008 | Orc:2    | Reached XP level 12. HP: 81/91 MP: 22/22
 13013 | Orc:2    | HP: 4/91 [orc priest/+0 mace (2)]
 13013 | Orc:2    | Slain by a troll (4 damage)
                  | ... led by an orc warlord
 13019 | Orc:2    | HP: 4/91 [orc/+0 trident[an orc warlord] (7)]
 13020 | Orc:2    | Slain by a troll (6 damage)
                  | ... led by an orc warlord
 13027 | Orc:2    | HP: 4/91 [troll[an orc warlord] (8)]
 13028 | Orc:2    | HP: 1/91 [orc warrior/+0 glaive (3)]
 13028 | Orc:2    | Slain by an orc
                  | ... wielding a +0 trident
                  | ... led by an orc warlord
                  | (4 damage)
 13038 | Orc:2    | HP: 3/91 [orc/+0 falchion (5)]
 13040 | Orc:2    | Mangled by an orc warrior
                  | ... wielding a +0 glaive
                  | (14 damage)
 13430 | Orc:2    | Found a staircase to the Elven Halls.
 13484 | Orc:2    | Slain by an orc warrior
                  | ... wielding a +0 halberd
                  | (11 damage)
 13508 | Orc:2    | Learned a level 2 spell: Lesser Beckoning
 13678 | Orc:2    | Noticed an orc high priest
 13679 | Orc:2    | Noticed an orc high priest
 13688 | Orc:2    | HP: 2/87 [orc high priest/+0 trident (9)]
 13688 | Orc:2    | Demolished by an orc high priest
                  | ... wielding a +0 dire flail
                  | (21 damage)
 13688 | Orc:2    | Noticed an orc high priest
 13690 | Orc:2    | Slain by a rust devil (4 damage)
                  | ... summoned by an orc high priest
 13692 | Orc:2    | Slain by a red devil
                  | ... wielding a +0 trident
                  | ... summoned by an orc high priest
                  | (10 damage)
 13694 | Orc:2    | HP: 2/79 [orc sorcerer/+0 dagger (12)]
 13696 | Orc:2    | Mangled by a chaos spawn (10 damage)
                  | ... summoned by an orc high priest
 13697 | Orc:2    | Mangled by a chaos spawn (18 damage)
                  | ... summoned by an orc high priest
 13699 | Orc:2    | Killed an orc high priest
 13702 | Orc:2    | Paralysed by an orc sorcerer for 4 turns
 13705 | Orc:2    | Slain by a red devil
                  | ... wielding a +0 demon trident of draining
                  | ... summoned by an orc high priest
                  | (11 damage)
                  | ... while paralysed by an orc sorcerer
 13707 | Orc:2    | Noticed a sun demon
 13708 | Orc:2    | HP: 1/80 [barbs]
 13709 | Orc:2    | Succumbed to barbed spike wounds
 13716 | Orc:2    | Slain by a sixfirhy (10 damage)
                  | ... summoned by an orc high priest
 13721 | Orc:2    | HP: 4/80 [sixfirhy[an orc high priest] (12)]
 13721 | Orc:2    | Mangled by a sixfirhy (14 damage)
                  | ... summoned by an orc high priest
 13726 | Orc:2    | Slain by a hellwing (3 damage)
                  | ... summoned by an orc sorcerer
 13736 | Orc:2    | HP: 1/120 [orc high priest/divine providence (10)]
 13736 | Orc:2    | Slain by an orc sorcerer
                  | ... wielding a +0 dagger
                  | (6 damage)
 13741 | Orc:2    | Mangled by an orc knight
                  | ... wielding a +0 great mace
                  | (36 damage)
 13742 | Orc:2    | Noticed a soul eater
 13745 | Orc:2    | Mangled by an orc knight
                  | ... wielding a +0 great mace
                  | (27 damage)
 13748 | Orc:2    | Noticed a soul eater
 13748 | Orc:2    | HP: 5/114 [orc sorcerer/bolt of negative energy (26)]
 13748 | Orc:2    | Slain by an orange demon (10 damage)
                  | ... summoned by an orc sorcerer
 13749 | Orc:2    | Slain by an orc knight
                  | ... wielding a +0 great sword
                  | (31 damage)
 13751 | Orc:2    | Mangled by an orc knight
                  | ... wielding a +0 great sword
                  | (26 damage)
 13752 | Orc:2    | Annihilated by an orc knight
                  | ... wielding a +0 great sword
                  | (44 damage)
 13754 | Orc:2    | HP: 4/114 [sixfirhy[an orc sorcerer] (3)]
 13754 | Orc:2    | Mangled by a sixfirhy (12 damage)
                  | ... summoned by an orc sorcerer
 13755 | Orc:2    | Mangled by an ice devil (23 damage)
                  | ... summoned by an orc high priest
 13757 | Orc:2    | Slain by an orc sorcerer
                  | ... wielding a +0 dagger
                  | (8 damage)
 13758 | Orc:2    | HP: 1/106 [orc sorcerer/bolt of negative energy (33)]
 13759 | Orc:2    | Demolished by an orc high priest
                  | ... wielding a +0 halberd
                  | (15 damage)
 13760 | Orc:2    | Slain by a soul eater (6 damage)
                  | ... summoned by an orc sorcerer
 13761 | Orc:2    | Paralysed by an orc sorcerer for 2 turns
 13762 | Orc:2    | Slain by a soul eater (8 damage)
                  | ... summoned by an orc sorcerer
                  | ... while paralysed by an orc sorcerer
 13763 | Orc:2    | HP: 5/106 [orc sorcerer/+0 dagger (8)]
 13763 | Orc:2    | Demolished by an orc knight
                  | ... wielding a +0 great mace
                  | (24 damage)
                  | ... while paralysed by an orc sorcerer
 13764 | Orc:2    | Mangled by a chaos spawn (10 damage)
                  | ... summoned by an orc high priest
 13765 | Orc:2    | Mangled by an orc knight
                  | ... wielding a +0 great mace
                  | (23 damage)
 13766 | Orc:2    | Killed by divine providence
                  | ... invoked by an orc high priest
                  | (15 damage)
 13767 | Orc:2    | Demolished by an ice devil (22 damage)
                  | ... summoned by an orc high priest
 13769 | Orc:2    | Mangled by a soul eater (22 damage)
                  | ... summoned by an orc sorcerer
 13770 | Orc:2    | HP: 3/96 [smoke demon/divine providence[an orc high priest]
                  | (10)]
 13770 | Orc:2    | Slain by an ice devil (3 damage)
                  | ... summoned by an orc high priest
 13771 | Orc:2    | HP: 1/96 [orc sorcerer/+0 dagger (6)]
 13771 | Orc:2    | Demolished by an orc knight
                  | ... wielding a +0 great mace
                  | (16 damage)
 13772 | Orc:2    | Slain by a soul eater (22 damage)
                  | ... summoned by an orc sorcerer
 13773 | Orc:2    | Slain by an orc sorcerer
                  | ... wielding a +0 dagger
                  | (4 damage)
 13774 | Orc:2    | Mangled by an orc knight
                  | ... wielding a +0 great sword
                  | (54 damage)
 13776 | Orc:2    | Slain by an orc knight
                  | ... wielding a +0 great mace
                  | (27 damage)
 13777 | Orc:2    | HP: 3/88 [orc high priest/+0 halberd (22)]
 13777 | Orc:2    | Killed by an exploding orc sorcerer (31 damage)
                  | ... ignited by their inner flame
 13778 | Orc:2    | Killed by an exploding orc knight (29 damage)
                  | ... ignited by their inner flame
 13778 | Orc:2    | Killed from afar by an orc sorcerer (30 damage)
                  | ... with a bolt of fire
 13778 | Orc:2    | Killed an orc high priest
 13778 | Orc:2    | Killed an orc high priest
 13779 | Orc:2    | Reached skill level 10 in Unarmed Combat
 13779 | Orc:2    | Killed by an exploding orc knight (30 damage)
                  | ... ignited by their inner flame
 13784 | Orc:2    | Lost mutation: [You are dopey. (Int -2)] [potion of
                  | mutation]
 13784 | Orc:2    | Gained mutation: Your magical capacity is low. (-10% MP)
                  | [potion of mutation]
 13784 | Orc:2    | HP: 1/138 [cloud of flame (27)]
 13785 | Orc:2    | Engulfed by a cloud of flame (24 damage)
 13878 | Orc:2    | Found Ideluh's Book Shoppe.
 13878 | Orc:2    | Found Getyddorgh's General Store.
 13883 | Orc:2    | Found Dapir's Antique Weapon Shop.
 13883 | Orc:2    | Found Ujicis's General Store.
 13886 | Orc:2    | Slain by an orc warrior
                  | ... wielding a +0 glaive
                  | (15 damage)
 16111 | D:9      | Found a staircase to the Lair.
 16142 | D:9      | Noticed a two-headed ogre
 16147 | D:9      | Killed a two-headed ogre
 16488 | D:10     | Entered Level 10 of the Dungeon
 16762 | D:10     | Found a hazy altar of Hepliaklqana.
 16931 | D:10     | Killed from afar by an electric eel (10 damage)
                  | ... with a bolt of electricity
 16941 | D:10     | HP: 3/93 [wyvern (13)]
 16941 | D:10     | Killed from afar by an electric eel (8 damage)
                  | ... with a bolt of electricity
 16965 | D:10     | Killed from afar by an electric eel (13 damage)
                  | ... with a bolt of electricity
 17253 | D:10     | Noticed Psyche
 17282 | D:10     | HP: 3/94 [Psyche/+4 dagger of distortion (3)]
 17282 | D:10     | Mangled by Psyche
                  | ... wielding a +4 dagger of distortion
                  | (12 damage)
 17285 | D:10     | Killed Psyche
 17587 | D:10     | Slain by a vampire mosquito (8 damage)
 17592 | D:10     | Found a radiant altar of Vehumet.
 17611 | D:10     | Found Lawaivuutae's Weapon Emporium.
 17829 | D:10     | Reached XP level 13. HP: 65/99 MP: 22/22
 18130 | D:10     | Noticed Erica
 18141 | D:10     | Killed Erica
 19687 | D:11     | Reached skill level 10 in Shapeshifting
 20034 | D:11     | HP: 4/99 [poisoned by a killer bee]
 20795 | D:12     | Mangled by a troll (14 damage)
 20881 | D:12     | Succumbed to barbed spike wounds
 21779 | D:13     | HP: 3/100 [yaktaur/bolt (21)]
 21780 | D:13     | Mangled by a yaktaur (11 damage)
 21782 | D:13     | Slain by a yaktaur (3 damage)
 21794 | D:13     | HP: 4/100 [drowned by a water elemental (4)]
 21794 | D:13     | Slain by a yaktaur (7 damage)
 21804 | D:13     | HP: 4/100 [yak (7)]
 21805 | D:13     | Slain by a gnoll
                  | ... wielding a +0 halberd
                  | (5 damage)
 21814 | D:13     | HP: 4/100 [cyclops (24)]
 21814 | D:13     | Slain by a gnoll
                  | ... wielding a +0 club
                  | (3 damage)
 21822 | D:13     | HP: 4/100 [yaktaur/bolt (7)]
 21823 | D:13     | Killed from afar by an electric eel (10 damage)
                  | ... with a bolt of electricity
 21828 | D:13     | Shot with a bolt by a yaktaur (24 damage)
 21832 | D:13     | Slain by a yaktaur (7 damage)
 21842 | D:13     | HP: 5/100 [electric eel/bolt of electricity (12)]
 21844 | D:13     | Killed from afar by an electric eel (11 damage)
                  | ... with a bolt of electricity
 21852 | D:13     | HP: 3/100 [centaur warrior/arrow (15)]
 21853 | D:13     | Shot with an arrow by a centaur warrior (9 damage)
 21859 | D:13     | Shot with a bolt by a yaktaur (36 damage)
 21888 | D:13     | HP: 3/101 [centaur warrior (5)]
 21889 | D:13     | Slain by a centaur warrior (4 damage)
 21899 | D:13     | HP: 4/101 [harpy (shapeshifter) (9)]
 21899 | D:13     | Mangled by a death yak (17 damage)
 21903 | D:13     | Slain by a death yak (18 damage)
 21909 | D:13     | HP: 2/101 [yaktaur (4)]
 21910 | D:13     | Demolished by a death yak (19 damage)
 21915 | D:13     | HP: 3/101 [yak (11)]
 21915 | D:13     | Slain by a hornet (shapeshifter) (5 damage)
 21923 | D:13     | Mangled by a yaktaur (14 damage)
 21932 | D:13     | HP: 4/101 [yak (6)]
 21932 | D:13     | Mangled by a blink frog (shapeshifter) (13 damage)
 21945 | D:13     | HP: 1/101 [yaktaur (6)]
 21946 | D:13     | Demolished by a blink frog (shapeshifter) (15 damage)
 22011 | D:13     | HP: 5/101 [yak (shapeshifter) (9)]
 22012 | D:13     | Slain by a yak (shapeshifter) (6 damage)
 22101 | D:13     | Slain by a boulder beetle (17 damage)
 22138 | D:13     | Reached skill level 10 in Dodging
 22138 | D:13     | Reached skill level 11 in Unarmed Combat
 22142 | D:13     | HP: 3/101 [skeletal warrior/+0 hand axe (20)]
 22143 | D:13     | Slain by a skeletal warrior
                  | ... wielding a +0 hand axe
                  | (4 damage)
 22154 | D:13     | Mangled by a skeletal warrior
                  | ... wielding a +2 mace of protection
                  | (17 damage)
 22161 | D:13     | Mangled by a boulder beetle (26 damage)
 22174 | D:13     | HP: 3/101 [skeletal warrior/+0 hand axe (18)]
 22175 | D:13     | Mangled by a skeletal warrior
                  | ... wielding a +0 hand axe
                  | (16 damage)
 22192 | D:13     | HP: 4/101 [slime creature (4)]
 22193 | D:13     | Mangled by a skeletal warrior
                  | ... wielding a +0 hand axe
                  | (16 damage)
 22217 | D:13     | Slain by a skeletal warrior
                  | ... wielding a +0 hand axe
                  | (15 damage)
 22222 | D:13     | Reached XP level 14. HP: 68/108 MP: 24/24
 22368 | D:13     | Slain by a shadow (8 damage)
 22376 | D:13     | Mangled by a skeletal warrior
                  | ... wielding a +0 long sword
                  | (19 damage)
 22388 | D:13     | HP: 4/108 [centaur warrior zombie (6)]
 22396 | D:13     | Mangled by a skeletal warrior
                  | ... wielding a +0 long sword
                  | (17 damage)
 22517 | D:13     | HP: 1/108 [meliai zombie (5)]
 22517 | D:13     | Slain by a centaur warrior zombie (3 damage)
 22526 | D:13     | HP: 3/108 [vampire (10)]
 22527 | D:13     | Slain by a vampire (4 damage)
 22856 | D:13     | Reached skill level 10 in Invocations
 23694 | D:13     | HP: 5/108 [death yak (11)]
 23695 | D:13     | Annihilated by a minotaur (30 damage)
 23707 | D:13     | HP: 1/109 [death yak (11)]
 23709 | D:13     | Mangled by a death yak (13 damage)
 23738 | D:13     | Identified the +0 plate armour "Nuimu" {rElec Will+}
 23868 | D:13     | Demolished by a minotaur
                  | ... wielding a +0 club
                  | (27 damage)
 24321 | D:14     | HP: 1/109 [skeletal warrior/+0 hand axe (11)]
 24323 | D:14     | Mangled by a skeletal warrior
                  | ... wielding a +3 war axe
                  | (12 damage)
 24332 | D:14     | Slain by a skeletal warrior
                  | ... wielding a +3 war axe
                  | (13 damage)
 24350 | D:14     | Slain by a skeletal warrior
                  | ... wielding a +0 hand axe
                  | (10 damage)
 24433 | D:14     | Found a stormy altar of Qazlal.
 24799 | D:14     | Found a gate to the Vaults.
 24818 | Vaults:1 | Entered Level 1 of the Vaults
 24821 | Vaults:1 | Noticed an ironbound preserver
 24840 | Vaults:1 | Killed an ironbound preserver
 24868 | Vaults:1 | HP: 5/109 [yaktaur captain/bolt (20)]
 24869 | Vaults:1 | Shot with a bolt by a yaktaur captain (48 damage)
 25099 | Vaults:1 | Annihilated by an ironbound frostheart (34 damage)
 25104 | Vaults:1 | Reached skill level 10 in Fighting
 25327 | Vaults:1 | Noticed a sphinx
 25335 | Vaults:1 | Killed a sphinx
 25873 | Vaults:1 | Noticed an ironbound thunderhulk
 25895 | Vaults:1 | Killed an ironbound thunderhulk
 25910 | Vaults:1 | HP: 3/110 [vault sentinel/+0 long sword (14)]
 25912 | Vaults:1 | Slain by a lindwurm (6 damage)
 26218 | Vaults:1 | Paralysed by a great orb of eyes for 5 turns
 26293 | Vaults:1 | Noticed a formless jellyfish
 26302 | Vaults:1 | HP: 2/110 [slime creature (15)]
 26303 | Vaults:1 | Mangled by a formless jellyfish (12 damage)
 26303 | Vaults:1 | Paralysed by a formless jellyfish for 1 turns
 26304 | Vaults:1 | Slain by a centaur warrior (4 damage)
                  | ... while paralysed by a formless jellyfish
 26306 | Vaults:1 | Noticed an ironbound thunderhulk
 26308 | Vaults:1 | Noticed an ironbound thunderhulk
 26309 | Vaults:1 | HP: 3/110 [poisoned by a formless jellyfish]
 26309 | Vaults:1 | Mangled by a formless jellyfish (11 damage)
 26309 | Vaults:1 | Paralysed by a formless jellyfish for 1 turns
 26310 | Vaults:1 | Killed from afar by an ironbound thunderhulk (15 damage)
                  | ... with a bolt of lightning
 26316 | Vaults:1 | Paralysed by a formless jellyfish for 1 turns
 26316 | Vaults:1 | HP: 3/110 [centaur warrior (5)]
 26316 | Vaults:1 | Slain by a centaur warrior (7 damage)
                  | ... while paralysed by a formless jellyfish
 26318 | Vaults:1 | Succumbed to a formless jellyfish's poison
 26320 | Vaults:1 | Succumbed to a formless jellyfish's poison
 26322 | Vaults:1 | HP: 1/110 [formless jellyfish (12)]
 26322 | Vaults:1 | Paralysed by a formless jellyfish for 1 turns
 26322 | Vaults:1 | Constricted to death by a formless jellyfish (5 damage)
                  | ... while paralysed by a formless jellyfish
 26323 | Vaults:1 | Slain by an ironbound frostheart (23 damage)
                  | ... while paralysed by a formless jellyfish
 26325 | Vaults:1 | Succumbed to a formless jellyfish's poison
 26327 | Vaults:1 | Killed from afar by an ironbound thunderhulk (15 damage)
                  | ... with a bolt of lightning
 26329 | Vaults:1 | Paralysed by a formless jellyfish for 1 turns
 26329 | Vaults:1 | HP: 2/110 [ironbound frostheart (25)]
 26329 | Vaults:1 | Slain by a centaur warrior (7 damage)
                  | ... while paralysed by a formless jellyfish
 26332 | Vaults:1 | Slain by a centaur warrior (7 damage)
 26333 | Vaults:1 | Killed a formless jellyfish
 26334 | Vaults:1 | Reached XP level 15. HP: 25/115 MP: 26/26
 26334 | Vaults:1 | Slain by an ironbound thunderhulk
                  | ... wielding a +0 dire flail
                  | (17 damage)
 26337 | Vaults:1 | Slain by a yaktaur (10 damage)
 26339 | Vaults:1 | HP: 2/115 [ironbound thunderhulk/+0 dire flail (19)]
 26340 | Vaults:1 | Succumbed to a formless jellyfish's poison
 26341 | Vaults:1 | Slain by a yaktaur (3 damage)
 26343 | Vaults:1 | Mangled by a centaur warrior (11 damage)
 26346 | Vaults:1 | Slain by a centaur warrior (14 damage)
 26349 | Vaults:1 | Slain by an ironbound frostheart (11 damage)
 26355 | Vaults:1 | HP: 1/115 [yaktaur captain (14)]
 26355 | Vaults:1 | Demolished by a centaur warrior (18 damage)
 26358 | Vaults:1 | Mangled by an ironbound frostheart (20 damage)
 26363 | Vaults:1 | Reached skill level 10 in Short Blades
 26363 | Vaults:1 | Reached skill level 10 in Long Blades
 26363 | Vaults:1 | Reached skill level 10 in Axes
 26363 | Vaults:1 | Reached skill level 10 in Maces & Flails
 26363 | Vaults:1 | Reached skill level 10 in Polearms
 26363 | Vaults:1 | Reached skill level 10 in Staves
 26363 | Vaults:1 | Reached skill level 10 in Ranged Weapons
 26363 | Vaults:1 | Reached skill level 10 in Throwing
 26363 | Vaults:1 | Reached skill level 10 in Armour
 26363 | Vaults:1 | Reached skill level 10 in Stealth
 26363 | Vaults:1 | Reached skill level 10 in Shields
 26363 | Vaults:1 | Reached skill level 10 in Spellcasting
 26363 | Vaults:1 | Reached skill level 10 in Evocations
 26363 | Vaults:1 | Slain by a slime creature (14 damage)
 26367 | Vaults:1 | HP: 3/116 [centaur warrior (8)]
 26367 | Vaults:1 | Mangled by a slime creature (15 damage)
 26371 | Vaults:1 | HP: 1/116 [centaur warrior (6)]
 26371 | Vaults:1 | Slain by a centaur warrior (2 damage)
 26372 | Vaults:1 | Slain by an ironbound frostheart (11 damage)
 26373 | Vaults:1 | Slain by an ironbound frostheart (35 damage)
 26382 | Vaults:1 | Slain by a centaur warrior (7 damage)
 26390 | Vaults:1 | HP: 4/117 [centaur warrior (6)]
 26390 | Vaults:1 | Slain by a slime creature (4 damage)
 26400 | Vaults:1 | HP: 5/117 [centaur warrior (1)]
 26400 | Vaults:1 | Slain by a slime creature (10 damage)
 26411 | Vaults:1 | Reached skill level 12 in Unarmed Combat
 26417 | Vaults:1 | Slain by a slime creature (8 damage)
 26760 | Vaults:1 | Noticed a vault warden
 26775 | Vaults:1 | Slain by a vault sentinel
                  | ... wielding a +0 morningstar
                  | (14 damage)
 26780 | Vaults:1 | Killed a vault warden
 26784 | Vaults:1 | Shot with a bolt by a yaktaur (23 damage)
                  | ... led by a vault warden
 27074 | Vaults:1 | Paralysed by a formless jellyfish for 1 turns
 27081 | Vaults:1 | Paralysed by a formless jellyfish for 1 turns
 27083 | Vaults:1 | HP: 2/117 [poisoned by a formless jellyfish]
 27084 | Vaults:1 | Succumbed to a formless jellyfish's poison
 27890 | Vaults:2 | Killed from afar by a lindwurm (18 damage)
                  | ... with a blast of flame
 27960 | Vaults:2 | Noticed Jory
 27972 | Vaults:2 | Killed from afar by Jory (62 damage)
                  | ... with a crystal spear
 27979 | Vaults:2 | Killed from afar by Jory (47 damage)
                  | ... with a crystal spear
 27980 | Vaults:2 | Killed Jory
 28058 | Vaults:2 | Slain by a sixfirhy (7 damage)
                  | ... summoned by an orc sorcerer
                  | ... led by Saint Roka
 28072 | Vaults:2 | Demolished by an ironbound frostheart (26 damage)
 28416 | Vaults:2 | Noticed a frost giant
 28416 | Vaults:2 | Noticed a vault warden
 28419 | Vaults:2 | HP: 5/117 [frost giant/+0 battleaxe of freezing (7)]
 28420 | Vaults:2 | Slain by a yaktaur (7 damage)
                  | ... led by a vault warden
 28426 | Vaults:2 | Slain by an ironbound convoker
                  | ... wielding a +0 flail
                  | (8 damage)
 28427 | Vaults:2 | Killed a frost giant
 28433 | Vaults:2 | HP: 2/117 [vault warden/+2 great sword of electrocution
                  | (13)]
 28433 | Vaults:2 | Slain by a yaktaur (7 damage)
                  | ... led by a vault warden
 28438 | Vaults:2 | Noticed Saint Roka
 28439 | Vaults:2 | Killed a vault warden
 28439 | Vaults:2 | Annihilated by Saint Roka
                  | ... wielding a +1 halberd
                  | (30 damage)
 28444 | Vaults:2 | HP: 1/117 [yaktaur/bolt[a vault warden] (17)]
 28445 | Vaults:2 | Annihilated by Saint Roka
                  | ... wielding a +1 halberd
                  | (25 damage)
 28449 | Vaults:2 | Demolished by Saint Roka
                  | ... wielding a +1 halberd
                  | (18 damage)
 28453 | Vaults:2 | HP: 4/117 [yaktaur[a vault warden] (22)]
 28454 | Vaults:2 | HP: 1/117 [yaktaur[a vault warden] (3)]
 28455 | Vaults:2 | Mangled by a yaktaur (15 damage)
                  | ... led by a vault warden
 28457 | Vaults:2 | Mangled by an orc warrior
                  | ... wielding a +0 short sword
                  | ... led by Saint Roka
                  | (10 damage)
 28459 | Vaults:2 | HP: 1/117 [ironbound frostheart (22)]
 28459 | Vaults:2 | Demolished by a yaktaur (19 damage)
                  | ... led by a vault warden
 28464 | Vaults:2 | Mangled by a yaktaur (18 damage)
                  | ... led by a vault warden
 28465 | Vaults:2 | Killed Saint Roka
 28467 | Vaults:2 | Demolished by a yaktaur (22 damage)
                  | ... led by a vault warden
 28471 | Vaults:2 | Mangled by an ironbound frostheart (19 damage)
 28474 | Vaults:2 | Annihilated by an ironbound frostheart (29 damage)
 28477 | Vaults:2 | HP: 5/117 [stone giant (3)]
 28478 | Vaults:2 | Mangled by a stone giant (12 damage)
 28483 | Vaults:2 | Blown up by a great orb of eyes (44 damage)
                  | ... with a mindburst bolt
 28492 | Vaults:2 | HP: 5/117 [vault sentinel/+0 falchion (3)]
 28493 | Vaults:2 | HP: 2/117 [yaktaur[a vault warden] (3)]
 28495 | Vaults:2 | Slain by a vault sentinel
                  | ... wielding a +0 falchion
                  | (3 damage)
 28502 | Vaults:2 | Mangled by a vault sentinel
                  | ... wielding a +0 war axe
                  | (16 damage)
 28864 | Vaults:2 | Identified the +3 leather armour of the Stonemason {Fly
                  | rPois rC-}
 28993 | Vaults:2 | Identified the +0 hat of Fofyohur {Harm Str+4 Int-4}
 29289 | Vaults:2 | Identified the +4 scale mail of Objectivity {MP+9 Str+5
                  | Int+2 Stlth-}
 29307 | Vaults:2 | Reached XP level 16. HP: 58/125 MP: 27/27
 29589 | Vaults:2 | HP: 5/125 [slime creature (4)]
 29591 | Vaults:2 | HP: 2/125 [slime creature (4)]
 29593 | Vaults:2 | Slain by a slime creature (5 damage)
 29642 | Vaults:2 | Identified the +1 robe of Niorch Ifes {Drain rN++ Str+4}
 29815 | Vaults:2 | HP: 3/125 [something/fireball (42)]
 29818 | Vaults:2 | HP: 1/125 [something (3)]
 29822 | Vaults:2 | Slain by a wizard
                  | ... wielding a +0 dagger
                  | (4 damage)
 29879 | Vaults:2 | HP: 2/125 [dire elephant (6)]
 29879 | Vaults:2 | Slain by a dire elephant (3 damage)
 29887 | Vaults:2 | Killed from afar by a lindwurm (25 damage)
                  | ... with a blast of flame
 29890 | Vaults:2 | Upgraded the game from 0.31-a0-868-g674d60d6f7 to
                  | 0.31-a0-875-g02e7d12df6
 29896 | Vaults:2 | Mangled by a dire elephant (34 damage)
 29900 | Vaults:2 | Slain by a dire elephant (46 damage)
 29905 | Vaults:2 | Demolished by a dire elephant (27 damage)
 29913 | Vaults:2 | Demolished by a dire elephant (40 damage)
 30361 | Vaults:2 | Found a portal to a secret trove of treasure.
 30590 | Vaults:3 | HP: 6/125 [lindwurm/blast of flame (34)]
 30591 | Vaults:3 | HP: 1/125 [lindwurm (5)]
 30591 | Vaults:3 | Slain by a lindwurm (1 damage)
 30697 | Vaults:3 | Slain by a deep troll (9 damage)
                  | ... led by an ironbound preserver
 30701 | Vaults:3 | HP: 6/125 [deep troll[an ironbound preserver] (18)]
 30701 | Vaults:3 | Annihilated by a vault warden
                  | ... wielding a +1 dire flail of protection
                  | (28 damage)
 30704 | Vaults:3 | Slain by a yaktaur (6 damage)
                  | ... led by a yaktaur captain
 30716 | Vaults:3 | HP: 4/125 [orc warlord/+2 great sword of freezing (10)]
 30716 | Vaults:3 | Mangled by a yaktaur (12 damage)
                  | ... led by a vault warden
 30729 | Vaults:3 | HP: 6/125 [ironbound convoker/+0 mace[a vault warden] (7)]
 30730 | Vaults:3 | Demolished by an ironbound preserver
                  | ... wielding a +0 dire flail
                  | (27 damage)
 30747 | Vaults:3 | HP: 6/125 [yaktaur[a yaktaur captain] (1)]
 30748 | Vaults:3 | Mangled by a deep troll (12 damage)
                  | ... led by an ironbound preserver
 30761 | Vaults:3 | Slain by a deep troll (11 damage)
                  | ... led by an ironbound preserver
 30775 | Vaults:3 | HP: 3/125 [cyan ugly thing[a wizard] (8)]
 30775 | Vaults:3 | Slain by a cyan ugly thing (5 damage)
                  | ... led by a wizard
 30803 | Vaults:3 | Annihilated by an orc knight
                  | ... wielding a +2 great mace
                  | (34 damage)
 30810 | Vaults:3 | HP: 1/126 [yaktaur[a yaktaur captain] (13)]
 30810 | Vaults:3 | Mangled by a deep troll (9 damage)
                  | ... led by an ironbound preserver
 30819 | Vaults:3 | Slain by a deep troll (8 damage)
                  | ... led by an ironbound preserver
 30828 | Vaults:3 | HP: 2/126 [yaktaur/bolt[a yaktaur captain] (16)]
 30828 | Vaults:3 | Mangled by a vault sentinel
                  | ... wielding a +0 war axe
                  | (13 damage)
 31190 | Vaults:3 | Identified the +3 orcbow of Vapehux {elec, rPois rC++ Int-4
                  | Dex-3}
 31245 | Vaults:3 | HP: 5/126 [crystal guardian/crystal bolt[a peacekeeper]
                  | (43)]
 31246 | Vaults:3 | Mangled by a peacekeeper (11 damage)
 31255 | Vaults:3 | HP: 5/126 [peacekeeper (3)]
 31256 | Vaults:3 | Annihilated by a war gargoyle
                  | ... wielding a +0 flail
                  | ... led by a peacekeeper
                  | (34 damage)
 31589 | Vaults:3 | Killed from afar by an ironbound frostheart (22 damage)
                  | ... by creeping frost
 31594 | Vaults:3 | HP: 6/126 [ironbound frostheart/creeping frost (23)]
 31596 | Vaults:3 | Killed from afar by an ironbound frostheart (30 damage)
                  | ... by creeping frost
 31611 | Vaults:3 | Killed from afar by an ironbound frostheart (31 damage)
                  | ... by creeping frost
 31668 | Vaults:3 | Slain by a harpy (15 damage)
 31675 | Vaults:3 | HP: 5/126 [deep troll[an ironbound preserver] (8)]
 31675 | Vaults:3 | Mangled by an ironbound preserver
                  | ... wielding a +0 flail
                  | (11 damage)
 31680 | Vaults:3 | Slain by a dire elephant (31 damage)
 31683 | Vaults:3 | HP: 2/126 [fire giant/+1 great sword of flaming (27)]
 31683 | Vaults:3 | Mangled by a fire giant
                  | ... wielding a +1 great sword of flaming
                  | (11 damage)
 31687 | Vaults:3 | Slain by a fire giant
                  | ... wielding a +1 great sword of flaming
                  | (25 damage)
 31689 | Vaults:3 | Mangled by a fire giant
                  | ... wielding a +1 great sword of flaming
                  | (21 damage)
 31693 | Vaults:3 | Annihilated by a fire giant
                  | ... wielding a +1 great sword of flaming
                  | (56 damage)
 31696 | Vaults:3 | Slain by a harpy (14 damage)
 31699 | Vaults:3 | Mangled by a fire giant
                  | ... wielding a +1 great sword of flaming
                  | (35 damage)
 31700 | Vaults:3 | Mangled by a fire giant
                  | ... wielding a +1 great sword of flaming
                  | (55 damage)
 31703 | Vaults:3 | HP: 4/126 [fire giant/+1 great sword of flaming (3)]
 31703 | Vaults:3 | Mangled by a deep troll (11 damage)
                  | ... led by an ironbound preserver
 31704 | Vaults:3 | Slain by a deep troll (16 damage)
                  | ... led by an ironbound preserver
 31711 | Vaults:3 | HP: 6/126 [fire giant/+1 great sword of flaming (25)]
 31711 | Vaults:3 | Slain by a fire giant
                  | ... wielding a +1 great sword of flaming
                  | (9 damage)
 31718 | Vaults:3 | Annihilated by a fire giant
                  | ... wielding a +1 great sword of flaming
                  | (42 damage)
 31724 | Vaults:3 | HP: 6/126 [deep troll[an ironbound preserver] (1)]
 31724 | Vaults:3 | HP: 2/126 [deep troll[an ironbound preserver] (4)]
 31724 | Vaults:3 | Killed from afar by a fire giant (15 damage)
                  | ... with a bolt of fire
 31730 | Vaults:3 | HP: 2/126 [deep troll[an ironbound preserver] (16)]
 31730 | Vaults:3 | Mangled by a deep troll (13 damage)
                  | ... led by an ironbound preserver
 31738 | Vaults:3 | Reached skill level 13 in Unarmed Combat
 31738 | Vaults:3 | Mangled by a fire giant
                  | ... wielding a +1 great sword of flaming
                  | (20 damage)
 31744 | Vaults:3 | Slain by a harpy (7 damage)
 31750 | Vaults:3 | Mangled by a vampire mage (13 damage)
 31755 | Vaults:3 | Slain by a freezing wraith (16 damage)
                  | ... summoned by a vampire mage
 31762 | Vaults:3 | HP: 6/126 [deep troll[an ironbound preserver] (16)]
 31763 | Vaults:3 | Slain by a deep troll (9 damage)
                  | ... led by an ironbound preserver
 31768 | Vaults:3 | HP: 5/126 [deep troll[an ironbound preserver] (7)]
 31768 | Vaults:3 | Slain by a deep troll (7 damage)
                  | ... led by an ironbound preserver
 31773 | Vaults:3 | Mangled by a vampire mage (18 damage)
 31781 | Vaults:3 | Slain by a vampire mage (8 damage)
 31789 | Vaults:3 | HP: 6/125 [ironbound convoker/+0 morningstar (16)]
 31790 | Vaults:3 | HP: 1/125 [deep troll[an ironbound preserver] (5)]
 31790 | Vaults:3 | Slain by a vampire mage (2 damage)
 31799 | Vaults:3 | Slain by a vampire mage (16 damage)
 31809 | Vaults:3 | HP: 3/126 [something (9)]
 31809 | Vaults:3 | Mangled by a vampire mage (12 damage)
 31814 | Vaults:3 | HP: 2/127 [something (8)]
 31814 | Abyss:2  | Cast into level 2 of the Abyss (a wizard)
 31859 | Abyss:2  | HP: 1/127 [disintegration (20)]
 31866 | Abyss:2  | Slain by a sixfirhy (3 damage)
                  | ... led by a cacodemon
 31875 | Abyss:2  | Gained mutation: You occasionally lose the ability to read
                  | scrolls when taking damage. [a cacodemon]
 31878 | Abyss:2  | HP: 7/190 [wretched star/lance of force (30)]
 31878 | Abyss:2  | HP: 2/190 [metal wall collision (5)]
 31884 | Abyss:2  | Killed from afar by a wretched star (21 damage)
                  | ... with a lance of force
 31906 | Abyss:2  | Slain by an orange demon (8 damage)
                  | ... led by a cacodemon
 31947 | Abyss:3  | HP: 3/88 [white draconian/blast of cold (24)]
 31956 | Abyss:3  | Killed from afar by a white draconian (39 damage)
                  | ... with a blast of cold
 32022 | Abyss:3  | HP: 4/127 [starcursed mass (5)]
 32023 | Abyss:3  | Killed from afar by a starcursed mass (11 damage)
                  | ... with an accursed screaming
 32028 | Abyss:3  | Paralysed by accursed screaming for 1 turns
 32035 | Abyss:3  | Paralysed by accursed screaming for 1 turns
 32116 | Abyss:3  | HP: 2/190 [starcursed mass/accursed screaming (20)]
 32116 | Abyss:3  | Paralysed by accursed screaming for 2 turns
 32118 | Abyss:3  | Slain by a starcursed mass (6 damage)
                  | ... while paralysed by accursed screaming
 32129 | Abyss:3  | Paralysed by accursed screaming for 2 turns
 32133 | Abyss:3  | Paralysed by accursed screaming for 2 turns
 32141 | Abyss:3  | Paralysed by accursed screaming for 2 turns
 32142 | Abyss:3  | Slain by a starcursed mass (10 damage)
                  | ... while paralysed by accursed screaming
 32145 | Abyss:3  | Noticed a tentacled starspawn
 32153 | Abyss:4  | Noticed a tentacled starspawn
 32156 | Abyss:4  | Found a radiant altar of Vehumet.
 32169 | Abyss:4  | Killed from afar by a balrug (25 damage)
                  | ... with a fireball
 32187 | Abyss:4  | HP: 3/190 [balrug/divine providence (9)]
 32188 | Abyss:4  | Mangled by a balrug
                  | ... wielding a +1 demon whip of venom
                  | (12 damage)
 32190 | Abyss:4  | Reached XP level 17. HP: 133/133 MP: 22/22
 32200 | Abyss:4  | Slain by a caustic shrike skeleton (16 damage)
 32204 | Abyss:4  | HP: 2/133 [sun demon[a balrug] (12)]
 32205 | Abyss:4  | Slain by a tentacled starspawn (8 damage)
 32208 | Abyss:4  | Demolished by a tentacled starspawn (31 damage)
 32224 | Abyss:4  | Mangled by a tentacled starspawn (19 damage)
 32228 | Abyss:4  | Killed a tentacled starspawn
 32371 | Abyss:4  | Killed by divine providence
                  | ... invoked by a smoke demon
                  | (10 damage)
 32446 | Abyss:4  | Noticed a bone dragon
 32462 | Abyss:4  | Slain by a bone dragon (10 damage)
 32468 | Abyss:4  | Killed a bone dragon
 32490 | Abyss:4  | HP: 5/133 [raiju/living lightning (8)]
 32491 | Abyss:4  | Noticed a tentacled starspawn
 32491 | Abyss:4  | Gained mutation: You occasionally shout uncontrollably at
                  | your foes. [a neqoxec]
 32495 | Abyss:4  | Demolished by a large abomination (21 damage)
 32502 | Abyss:4  | HP: 4/133 [large abomination (25)]
 32503 | Abyss:4  | Annihilated by a tentacled starspawn (27 damage)
 32509 | Abyss:4  | Killed a tentacled starspawn
 32527 | Abyss:4  | HP: 3/133 [large abomination (8)]
 32529 | Abyss:4  | Slain by a thrashing horror (7 damage)
 32542 | Abyss:4  | HP: 3/93 [starcursed mass/accursed screaming (4)]
 32543 | Abyss:4  | Slain by a raiju (3 damage)
 32543 | Abyss:4  | Noticed a tentacled starspawn
 32550 | Abyss:4  | Killed by divine providence
                  | ... invoked by a smoke demon
                  | (15 damage)
 32555 | Abyss:4  | Killed by divine providence
                  | ... invoked by a smoke demon
                  | (8 damage)
 32558 | Abyss:4  | Slain by a tentacled starspawn (15 damage)
 32565 | Abyss:4  | Slain by a tentacled starspawn (11 damage)
 32571 | Abyss:4  | Lost intelligence.
 32571 | Abyss:4  | Slain by a hellwing (11 damage)
                  | ... while paralysed
 32575 | Abyss:4  | Slain by a starcursed mass (10 damage)
                  | ... while paralysed
 32576 | Abyss:4  | HP: 2/93 [hellwing (4)]
 32578 | Abyss:4  | Killed from afar by a starcursed mass (10 damage)
                  | ... with an accursed screaming
 32582 | Abyss:4  | Killed from afar by a starcursed mass (12 damage)
                  | ... with an accursed screaming
 32585 | Abyss:4  | HP: 1/93 [tentacled starspawn (12)]
 32585 | Abyss:4  | Killed from afar by a starcursed mass (11 damage)
                  | ... with an accursed screaming
 32585 | Abyss:4  | Paralysed by accursed screaming for 1 turns
 32587 | Abyss:4  | Slain by a tentacled starspawn (11 damage)
 32590 | Abyss:4  | Slain by a starcursed mass (11 damage)
 32591 | Abyss:4  | Paralysed by accursed screaming for 1 turns
 32594 | Abyss:4  | Paralysed by accursed screaming for 1 turns
 32594 | Abyss:4  | Slain by a tentacled starspawn (12 damage)
                  | ... while paralysed by accursed screaming
 32598 | Abyss:4  | Slain by a tentacled starspawn (12 damage)
 32599 | Abyss:4  | Paralysed by accursed screaming for 1 turns
 32600 | Abyss:4  | HP: 5/139 [starcursed mass (9)]
 32600 | Abyss:4  | Slain by a quicksilver dragon skeleton (6 damage)
                  | ... while paralysed by accursed screaming
 32608 | Abyss:4  | Mangled by a tentacled starspawn (24 damage)
 32613 | Abyss:4  | HP: 1/93 [starcursed mass (10)]
 32613 | Abyss:4  | Mangled by a tentacled starspawn (9 damage)
 32615 | Abyss:4  | Slain by a quicksilver dragon skeleton (12 damage)
 32618 | Abyss:4  | Paralysed by accursed screaming for 1 turns
 32618 | Abyss:4  | Mangled by a tentacled starspawn (29 damage)
                  | ... while paralysed by accursed screaming
 32621 | Abyss:4  | Reached skill level 10 in Conjurations
 32621 | Abyss:4  | Reached skill level 10 in Hexes
 32621 | Abyss:4  | Reached skill level 10 in Summonings
 32621 | Abyss:4  | Reached skill level 10 in Necromancy
 32621 | Abyss:4  | Reached skill level 10 in Translocations
 32621 | Abyss:4  | Reached skill level 10 in Transmutations
 32621 | Abyss:4  | Reached skill level 10 in Fire Magic
 32621 | Abyss:4  | Reached skill level 10 in Ice Magic
 32621 | Abyss:4  | Reached skill level 10 in Air Magic
 32621 | Abyss:4  | Reached skill level 10 in Earth Magic
 32621 | Abyss:4  | Reached skill level 10 in Poison Magic
 32621 | Abyss:4  | Annihilated by a large abomination (27 damage)
 32623 | Abyss:4  | Paralysed by accursed screaming for 1 turns
 32625 | Abyss:4  | HP: 1/93 [starcursed mass/accursed screaming (14)]
 32625 | Abyss:4  | Killed by divine providence
                  | ... invoked by a white draconian stormcaller
                  | (9 damage)
 32631 | Abyss:4  | Slain by a tentacled starspawn (23 damage)
 32635 | Abyss:4  | Mangled by a tentacled starspawn (26 damage)
 32642 | Abyss:4  | Demolished by a tentacled starspawn (25 damage)
 32647 | Abyss:4  | Killed a tentacled starspawn
 32650 | Abyss:4  | Killed by divine providence
                  | ... invoked by a smoke demon
                  | (9 damage)
 32652 | Abyss:4  | Killed by divine providence
                  | ... invoked by a white draconian stormcaller
                  | (15 damage)
 32653 | Abyss:4  | HP: 3/93 [hellwing (6)]
 32654 | Abyss:4  | Engulfed by a death drake's foul pestilence (10 damage)
                  | ... summoned by a white draconian stormcaller
 32657 | Abyss:4  | Killed from afar by a wretched star (36 damage)
                  | ... with a lance of force
 32659 | Abyss:4  | HP: 1/93 [white draconian stormcaller (22)]
 32660 | Abyss:4  | Engulfed by a death drake's foul pestilence (2 damage)
                  | ... summoned by a white draconian stormcaller
 32663 | Abyss:4  | Slain by a hellwing (1 damage)
 32667 | Abyss:4  | HP: 3/93 [starcursed mass/accursed screaming (13)]
 32668 | Abyss:4  | HP: 1/93 [poisoned by a death drake (dark miasma)]
 32668 | Abyss:4  | Killed from afar by a starcursed mass (8 damage)
                  | ... with an accursed screaming
 32674 | Abyss:4  | Killed from afar by a starcursed mass (14 damage)
                  | ... with an accursed screaming
 32679 | Abyss:4  | Paralysed by accursed screaming for 2 turns
 32687 | Abyss:4  | Killed from afar by a starcursed mass (10 damage)
                  | ... with an accursed screaming
 32693 | Abyss:4  | HP: 2/93 [starcursed mass/accursed screaming (15)]
 32694 | Abyss:4  | Killed from afar by a starcursed mass (16 damage)
                  | ... with an accursed screaming
 32695 | Abyss:4  | Gained mutation: You have hidden genetic defects. [a
                  | neqoxec]
 32695 | Abyss:4  | Paralysed by accursed screaming for 2 turns
 32697 | Abyss:4  | Lost dexterity.
 32699 | Abyss:4  | Gained mutation: You are very vulnerable to cold. (rC--) [a
                  | neqoxec]
 32701 | Abyss:4  | Slain by a neqoxec (9 damage)
 32707 | Abyss:4  | Noticed a bone dragon
 32707 | Abyss:4  | Paralysed by accursed screaming for 2 turns
 32709 | Abyss:4  | Killed from afar by a starcursed mass (14 damage)
                  | ... with an accursed screaming
 32710 | Vaults:3 | Escaped the Abyss
 32712 | Vaults:3 | HP: 5/103 [deep troll[an ironbound preserver] (8)]
 32712 | Vaults:3 | Mangled by a phantasmal warrior (14 damage)
 32716 | Vaults:3 | Slain by a deep troll (14 damage)
                  | ... led by an ironbound preserver
 32718 | Vaults:3 | Slain by a yaktaur captain (13 damage)
 32720 | Vaults:3 | Killed from afar by a starcursed mass (8 damage)
                  | ... with an accursed screaming
 32720 | Vaults:3 | Paralysed by accursed screaming for 1 turns
 32722 | Vaults:3 | HP: 3/103 [deep troll[an ironbound preserver] (12)]
 32722 | Vaults:3 | Mangled by an ironbound convoker
                  | ... wielding a +0 flail
                  | (14 damage)
 32725 | Vaults:3 | Mangled by an ironbound convoker
                  | ... wielding a +0 flail
                  | (19 damage)
 32730 | Vaults:3 | Slain by a yaktaur captain (7 damage)
 32732 | Vaults:3 | Mangled by a yaktaur captain (25 damage)
 32733 | Vaults:3 | HP: 2/104 [starcursed mass/accursed screaming (9)]
 32733 | Vaults:3 | Slain by a starcursed mass (2 damage)
 32734 | Vaults:3 | Slain by an ironbound convoker
                  | ... wielding a +0 flail
                  | (21 damage)
 32741 | Vaults:3 | Mangled by an ironbound convoker
                  | ... wielding a +0 flail
                  | (25 damage)
 32753 | Vaults:3 | Slain by a vampire mage (9 damage)
 32762 | Vaults:3 | HP: 1/106 [yaktaur captain (18)]
 32762 | Vaults:3 | Killed from afar by a starcursed mass (9 damage)
                  | ... with an accursed screaming
 32766 | Vaults:3 | Slain by a freezing wraith (7 damage)
                  | ... summoned by a vampire mage
 32770 | Vaults:3 | HP: 2/106 [starcursed mass/accursed screaming (7)]
 32770 | Vaults:3 | Slain by a yaktaur captain (6 damage)
 32775 | Vaults:3 | Slain by a yaktaur captain (7 damage)
 32778 | Vaults:3 | Slain by a phantasmal warrior (20 damage)
                  | ... summoned by a vampire mage
 32782 | Vaults:3 | Slain by an orc knight
                  | ... wielding a +3 bardiche
                  | (11 damage)
 32784 | Vaults:3 | Mangled by a phantasmal warrior (21 damage)
                  | ... summoned by a vampire mage
 32786 | Vaults:3 | Slain by a deep troll (10 damage)
                  | ... led by an ironbound preserver
 32788 | Vaults:3 | Slain by an ironbound preserver
                  | ... wielding a +0 flail
                  | (19 damage)
 32791 | Vaults:3 | Slain by a vampire mage (11 damage)
 32793 | Vaults:3 | Slain by an orc knight
                  | ... wielding a +3 bardiche
                  | (14 damage)
 32795 | Vaults:3 | Slain by a vault guard
                  | ... wielding a +0 war axe
                  | ... led by a vault warden
                  | (11 damage)
 32797 | Vaults:3 | Demolished by an orc knight
                  | ... wielding a +3 bardiche
                  | (23 damage)
 32799 | Vaults:3 | Shot with a bolt by a yaktaur captain (32 damage)
 32802 | Vaults:3 | Killed from afar by a starcursed mass (6 damage)
                  | ... with an accursed screaming
 32804 | Vaults:3 | Killed from afar by a vampire mage (31 damage)
                  | ... with a bolt of negative energy
 32807 | Vaults:3 | Mangled by an orc knight
                  | ... wielding a +3 bardiche
                  | (17 damage)
 32807 | Vaults:3 | HP: 2/111 [ironbound preserver/+0 flail (9)]
 32808 | Vaults:3 | Demolished by an ironbound preserver
                  | ... wielding a +0 flail
                  | (21 damage)
 32812 | Vaults:3 | Killed from afar by a vampire mage (31 damage)
                  | ... with a bolt of negative energy
 32813 | Vaults:3 | HP: 5/105 [ironbound preserver/+0 flail (28)]
 32813 | Vaults:3 | Killed from afar by a starcursed mass (6 damage)
                  | ... with an accursed screaming
 32818 | Vaults:3 | Slain by a vault warden
                  | ... wielding a +0 glaive
                  | (7 damage)
 32827 | Vaults:3 | Shot with a bolt by a yaktaur (13 damage)
                  | ... led by a vault warden
 32832 | Vaults:3 | HP: 3/121 [deep troll[an ironbound preserver] (11)]
 32833 | Vaults:3 | Mangled by a vault warden
                  | ... wielding a +0 glaive
                  | (14 damage)
 32837 | Vaults:3 | Slain by a vault warden
                  | ... wielding a +0 glaive
                  | (18 damage)
 32841 | Vaults:3 | HP: 3/123 [vault warden/+0 glaive (27)]
 32842 | Vaults:3 | Demolished by a vault warden
                  | ... wielding a +0 glaive
                  | (21 damage)
 32846 | Vaults:3 | Slain by a deep troll (12 damage)
                  | ... led by an ironbound preserver
 32855 | Vaults:3 | HP: 6/124 [vault warden/+0 glaive (6)]
 32856 | Vaults:3 | Slain by a deep troll (6 damage)
                  | ... led by an ironbound preserver
 32862 | Vaults:3 | HP: 3/126 [vault warden/+0 glaive (25)]
 32864 | Vaults:3 | Slain by a deep troll (7 damage)
                  | ... led by an ironbound preserver
 32867 | Vaults:3 | HP: 6/126 [purple ugly thing[a wizard] (5)]
 32868 | Vaults:3 | HP: 2/126 [deep troll[an ironbound preserver] (4)]
 32868 | Vaults:3 | Slain by a deep troll (3 damage)
                  | ... led by an ironbound preserver
 32872 | Vaults:3 | Slain by a vault warden
                  | ... wielding a +0 glaive
                  | (25 damage)
 32877 | Vaults:3 | HP: 3/127 [vault warden/+0 glaive (4)]
 32878 | Vaults:3 | Annihilated by a vault warden
                  | ... wielding a +0 glaive
                  | (34 damage)
 32882 | Vaults:3 | Paralysed by a great orb of eyes for 5 turns
 32885 | Vaults:3 | Mangled by a vault warden
                  | ... wielding a +0 glaive
                  | (24 damage)
                  | ... while paralysed by a great orb of eyes
 32889 | Vaults:3 | Slain by a vault warden
                  | ... wielding a +0 glaive
                  | (14 damage)
 32893 | Vaults:3 | Slain by a deep troll (19 damage)
                  | ... summoned by a glowing orange brain
 32896 | Vaults:3 | HP: 6/128 [yaktaur captain (10)]
 32896 | Vaults:3 | Slain by a deep troll (11 damage)
                  | ... summoned by a glowing orange brain
 32900 | Vaults:3 | Slain by a vault warden
                  | ... wielding a +0 glaive
                  | (36 damage)
 32903 | Vaults:3 | Slain by a great orb of eyes (9 damage)
 32905 | Vaults:3 | Annihilated by a vault warden
                  | ... wielding a +0 glaive
                  | (54 damage)
 32908 | Vaults:3 | HP: 2/128 [deep troll[a glowing orange brain] (7)]
 32908 | Vaults:3 | Slain by a deep troll (2 damage)
                  | ... summoned by a glowing orange brain
 32910 | Vaults:3 | Annihilated by a vault warden
                  | ... wielding a +0 glaive
                  | (49 damage)
 32913 | Vaults:3 | HP: 3/128 [yaktaur captain (7)]
 32913 | Vaults:3 | Mangled by a yaktaur captain (16 damage)
 32915 | Vaults:3 | a yaktaur captain changed into a golden dragon
 32915 | Vaults:3 | Noticed a golden dragon
 32915 | Vaults:3 | Mangled by a yaktaur captain (20 damage)
 32917 | Vaults:3 | Slain by a dire elephant (8 damage)
                  | ... summoned by a glowing orange brain
 32918 | Vaults:3 | Slain by a great orb of eyes (9 damage)
 32920 | Vaults:3 | Slain by a yaktaur captain (27 damage)
 32921 | Vaults:3 | HP: 5/128 [ironbound preserver/+0 mace[a glowing orange
                  | brain] (12)]
 32921 | Vaults:3 | Mangled by a dire elephant (13 damage)
                  | ... summoned by a glowing orange brain
 32924 | Vaults:3 | HP: 2/128 [deep troll[a glowing orange brain] (3)]
 32925 | Vaults:3 | Slain by a yaktaur captain (6 damage)
                  | ... summoned by a glowing orange brain
 32927 | Vaults:3 | Slain by a yaktaur captain (12 damage)
                  | ... summoned by a glowing orange brain
 32928 | Vaults:3 | Annihilated by a vault warden
                  | ... wielding a +0 glaive
                  | (43 damage)
 32930 | Vaults:3 | Mangled by a vault warden
                  | ... wielding a +0 glaive
                  | (45 damage)
 32933 | Vaults:3 | HP: 1/128 [deep troll[a glowing orange brain] (8)]
 32933 | Vaults:3 | Slain by a dire elephant (6 damage)
                  | ... summoned by a glowing orange brain
 32935 | Vaults:3 | Mangled by a deep troll (13 damage)
                  | ... summoned by a glowing orange brain
 32937 | Vaults:3 | Killed a golden dragon
 32938 | Vaults:3 | Slain by a deep troll (7 damage)
                  | ... summoned by a glowing orange brain
 32940 | Vaults:3 | Mangled by a great orb of eyes (24 damage)
 32942 | Vaults:3 | HP: 5/132 [ironbound thunderhulk/bolt of lightning (7)]
 32942 | Vaults:3 | Annihilated by a vault warden
                  | ... wielding a +0 glaive
                  | (28 damage)
 32944 | Vaults:3 | Slain by a deep troll (12 damage)
                  | ... summoned by a glowing orange brain
 32947 | Vaults:3 | HP: 4/132 [deep troll[a glowing orange brain] (3)]
 32947 | Vaults:3 | Annihilated by a yaktaur captain (33 damage)
 32948 | Vaults:3 | Mangled by a yaktaur captain (18 damage)
                  | ... summoned by a glowing orange brain
 32950 | Vaults:3 | Slain by a deep troll (5 damage)
                  | ... summoned by a glowing orange brain
 32952 | Vaults:3 | HP: 6/132 [yaktaur captain (13)]
 32952 | Vaults:3 | Slain by a deep troll (4 damage)
                  | ... led by an ironbound preserver
 32954 | Vaults:3 | HP: 2/132 [deep troll[an ironbound preserver] (6)]
 32954 | Vaults:3 | Slain by a deep troll (4 damage)
                  | ... led by an ironbound preserver
 32955 | Vaults:3 | Slain by a deep troll (10 damage)
                  | ... summoned by a glowing orange brain
 32957 | Vaults:3 | Demolished by a yaktaur captain (17 damage)
                  | ... summoned by a glowing orange brain
 32960 | Vaults:3 | HP: 1/133 [ironbound thunderhulk/bolt of lightning (15)]
 32960 | Vaults:3 | Mangled by a dire elephant (12 damage)
                  | ... summoned by a glowing orange brain
 32962 | Vaults:3 | Slain by a deep troll (6 damage)
                  | ... led by an ironbound preserver
 32963 | Vaults:3 | Demolished by a dire elephant (22 damage)
                  | ... summoned by a glowing orange brain
 32966 | Vaults:3 | Mangled by a yaktaur captain (19 damage)
 32970 | Vaults:3 | HP: 6/133 [yaktaur captain (9)]
 32971 | Vaults:3 | Slain by a deep troll (9 damage)
                  | ... led by an ironbound preserver
 32974 | Vaults:3 | Slain by a yaktaur captain (16 damage)
                  | ... summoned by a glowing orange brain
 32977 | Vaults:3 | Slain by a yaktaur captain (17 damage)
                  | ... summoned by a glowing orange brain
 32982 | Vaults:3 | HP: 5/133 [yaktaur captain (9)]
 32982 | Vaults:3 | HP: 1/133 [ironbound thunderhulk/+0 dire flail (4)]
 32982 | Vaults:3 | Annihilated by a vault warden
                  | ... wielding a +0 glaive
                  | (28 damage)
 32987 | Vaults:3 | Slain by a deep troll (6 damage)
                  | ... summoned by a glowing orange brain
 32990 | Vaults:3 | Slain by a vault warden
                  | ... wielding a +0 glaive
                  | (21 damage)
 32993 | Vaults:3 | HP: 4/133 [yaktaur captain (4)]
 32994 | Vaults:3 | Slain by a great orb of eyes (6 damage)
 32997 | Vaults:3 | Shot with a bolt by a yaktaur captain (37 damage)
 33001 | Vaults:3 | Mangled by a yaktaur captain (19 damage)
 33004 | Vaults:3 | Slain by an ironbound convoker
                  | ... wielding a +0 mace
                  | ... summoned by a glowing orange brain
                  | (9 damage)
 33007 | Vaults:3 | Blown up by a great orb of eyes (37 damage)
                  | ... with a mindburst bolt
 33011 | Vaults:3 | Killed from afar by an ironbound thunderhulk (22 damage)
                  | ... with a bolt of lightning
 33022 | Vaults:3 | Demolished by a yaktaur captain (21 damage)
 33023 | Vaults:3 | Gained mutation: You sometimes lose the ability to read
                  | scrolls when taking damage. [hidden defects]
 33028 | Vaults:3 | HP: 5/133 [vault sentinel/+0 morningstar[a glowing orange
                  | brain] (13)]
 33029 | Vaults:3 | Mangled by a yaktaur captain (12 damage)
 33038 | Vaults:3 | Mangled by a white ugly thing (24 damage)
                  | ... led by a wizard
 33043 | Vaults:3 | Annihilated by a white ugly thing (37 damage)
                  | ... led by a wizard
 33047 | Vaults:3 | Mangled by a white ugly thing (33 damage)
                  | ... led by a wizard
 33051 | Vaults:3 | Annihilated by a white ugly thing (51 damage)
                  | ... led by a wizard
 33056 | Vaults:3 | Annihilated by a white ugly thing (37 damage)
                  | ... led by a wizard
 33059 | Vaults:3 | HP: 2/129 [something (8)]
 33059 | Vaults:3 | Slain by a starcursed mass (4 damage)
 33062 | Vaults:3 | Slain by a white ugly thing (22 damage)
                  | ... led by a wizard
 33064 | Vaults:3 | Annihilated by a white ugly thing (52 damage)
                  | ... led by a wizard
 33069 | Vaults:3 | HP: 3/129 [something (9)]
 33069 | Vaults:3 | Killed from afar by a starcursed mass (8 damage)
                  | ... with an accursed screaming
 33074 | Vaults:3 | Slain by a vault warden
                  | ... wielding a +0 war axe
                  | (26 damage)
 33079 | Vaults:3 | HP: 3/129 [vault warden/+0 war axe (5)]
 33079 | Vaults:3 | Mangled by a slime creature (13 damage)
 33083 | Vaults:3 | Killed from afar by a starcursed mass (8 damage)
                  | ... with an accursed screaming
 33085 | Vaults:3 | HP: 2/133 [war gargoyle/+0 morningstar[a peacekeeper] (31)]
 33085 | Vaults:3 | Killed from afar by an ironbound thunderhulk (15 damage)
                  | ... with a bolt of lightning
 33087 | Vaults:3 | Killed from afar by a starcursed mass (7 damage)
                  | ... with an accursed screaming
 33089 | Vaults:3 | Mangled by a war gargoyle
                  | ... wielding a +0 morningstar
                  | ... led by a peacekeeper
                  | (13 damage)
 33091 | Vaults:3 | HP: 6/133 [starcursed mass (11)]
 33091 | Vaults:3 | Killed from afar by a war gargoyle (49 damage)
                  | ... with a spray of metal splinters
                  | ... led by a peacekeeper
 33093 | Vaults:3 | Mangled by an orc knight
                  | ... wielding a +3 bardiche
                  | (18 damage)
 33096 | Vaults:3 | Killed from afar by a war gargoyle (42 damage)
                  | ... with a spray of metal splinters
                  | ... led by a peacekeeper
 33097 | Vaults:3 | Mangled by an orc knight
                  | ... wielding a +3 bardiche
                  | (21 damage)
 33099 | Vaults:3 | HP: 6/129 [war gargoyle/+0 morningstar[a peacekeeper] (6)]
 33099 | Vaults:3 | Annihilated by a very large slime creature (52 damage)
 33101 | Vaults:3 | Mangled by a war gargoyle
                  | ... wielding a +0 morningstar
                  | ... led by a peacekeeper
                  | (15 damage)
 33101 | Vaults:3 | Mangled by a war gargoyle
                  | ... wielding a +0 morningstar
                  | ... led by a peacekeeper
                  | (11 damage)
 33103 | Vaults:3 | Slain by a war gargoyle
                  | ... wielding a +0 morningstar
                  | ... led by a peacekeeper
                  | (26 damage)
 33104 | Vaults:3 | Demolished by a vault warden
                  | ... wielding a +0 war axe
                  | (24 damage)
 33106 | Vaults:3 | HP: 3/130 [brown ugly thing[a wizard] (11)]
 33106 | Vaults:3 | Splashed by a brown ugly thing's acid (9 damage)
                  | ... led by a wizard
 33107 | Vaults:3 | Annihilated by a war gargoyle
                  | ... wielding a +0 morningstar
                  | ... led by a peacekeeper
                  | (54 damage)
 33108 | Vaults:3 | Mangled by a war gargoyle
                  | ... wielding a +0 morningstar
                  | ... led by a peacekeeper
                  | (18 damage)
 33109 | Vaults:3 | HP: 1/130 [vault warden/+0 war axe (14)]
 33109 | Vaults:3 | Slain by a wraith (4 damage)
                  | ... summoned by a vampire mage
 33112 | Vaults:3 | Annihilated by a vault warden
                  | ... wielding a +0 war axe
                  | (36 damage)
 33112 | Vaults:3 | Mangled by an orc knight
                  | ... wielding a +3 bardiche
                  | (17 damage)
 33114 | Vaults:3 | Mangled by a jiangshi (20 damage)
                  | ... summoned by a vampire mage
 33114 | Vaults:3 | Slain by a jiangshi (22 damage)
                  | ... summoned by a vampire mage
 33115 | Vaults:3 | Slain by a vault warden
                  | ... wielding a +0 war axe
                  | (27 damage)
 33117 | Vaults:3 | Mangled by a war gargoyle
                  | ... wielding a +0 morningstar
                  | ... led by a peacekeeper
                  | (34 damage)
 33118 | Vaults:3 | Annihilated by an orc knight
                  | ... wielding a +3 bardiche
                  | (37 damage)
 33120 | Vaults:3 | Killed from afar by a war gargoyle (60 damage)
                  | ... with a spray of metal splinters
                  | ... led by a peacekeeper
 33121 | Vaults:3 | Slain by a vault warden
                  | ... wielding a +0 war axe
                  | (7 damage)
 33122 | Vaults:3 | Mangled by a jiangshi (26 damage)
                  | ... summoned by a vampire mage
 33122 | Vaults:3 | HP: 5/130 [orc knight/+3 bardiche (22)]
 33122 | Vaults:3 | Annihilated by a vault guard
                  | ... wielding a +0 broad axe
                  | ... led by a vault warden
                  | (29 damage)
 33124 | Vaults:3 | Killed from afar by a war gargoyle (48 damage)
                  | ... with a spray of metal splinters
                  | ... led by a peacekeeper
 33125 | Vaults:3 | Annihilated by a war gargoyle
                  | ... wielding a +0 morningstar
                  | ... led by a peacekeeper
                  | (54 damage)
 33126 | Vaults:3 | Demolished by a war gargoyle
                  | ... wielding a +0 morningstar
                  | ... led by a peacekeeper
                  | (36 damage)
 33126 | Vaults:3 | HP: 1/132 [ironbound thunderhulk/bolt of lightning (17)]
 33127 | Vaults:3 | Demolished by a jiangshi (16 damage)
                  | ... summoned by a vampire mage
 33127 | Vaults:3 | Mangled by a war gargoyle
                  | ... wielding a +0 morningstar
                  | ... led by a peacekeeper
                  | (48 damage)
 33129 | Vaults:3 | Killed from afar by a war gargoyle (38 damage)
                  | ... with a spray of metal splinters
                  | ... led by a peacekeeper
 33129 | Vaults:3 | Killed from afar by a war gargoyle (56 damage)
                  | ... with a spray of metal splinters
                  | ... led by a peacekeeper
 33130 | Vaults:3 | Slain by a jiangshi (25 damage)
                  | ... summoned by a vampire mage
 33132 | Vaults:3 | Killed from afar by a war gargoyle (56 damage)
                  | ... with a spray of metal splinters
                  | ... led by a peacekeeper
 33134 | Vaults:3 | HP: 4/133 [acid[a wizard] (9)]
 33135 | Vaults:3 | Killed from afar by a war gargoyle (69 damage)
                  | ... with a spray of metal splinters
                  | ... led by a peacekeeper
 33136 | Vaults:3 | Slain by a vault guard
                  | ... wielding a +0 broad axe
                  | ... led by a vault warden
                  | (15 damage)
 33138 | Vaults:3 | Mangled by a vault guard
                  | ... wielding a +0 broad axe
                  | ... led by a vault warden
                  | (16 damage)
 33139 | Vaults:3 | Killed from afar by a war gargoyle (60 damage)
                  | ... with a spray of metal splinters
                  | ... led by a peacekeeper
 33141 | Vaults:3 | Splashed by a brown ugly thing's acid (9 damage)
                  | ... led by a wizard
 33142 | Vaults:3 | Killed from afar by an ironbound thunderhulk (20 damage)
                  | ... with a bolt of lightning
 33143 | Vaults:3 | Annihilated by a yaktaur captain (36 damage)
                  | ... summoned by a glowing orange brain
 33144 | Vaults:3 | Killed from afar by an ironbound thunderhulk (15 damage)
                  | ... with a bolt of lightning
 33145 | Vaults:3 | HP: 5/125 [orc knight/+3 bardiche (20)]
 33145 | Vaults:3 | Slain by a yaktaur captain (9 damage)
                  | ... summoned by a glowing orange brain
 33146 | Vaults:3 | Mangled by an orc knight
                  | ... wielding a +3 bardiche
                  | (34 damage)
 33147 | Vaults:3 | Slain by a war gargoyle
                  | ... wielding a +0 morningstar
                  | ... led by a peacekeeper
                  | (27 damage)
 33148 | Vaults:3 | Killed from afar by a lindwurm (16 damage)
                  | ... with a blast of flame
 33149 | Vaults:3 | Killed from afar by an ironbound thunderhulk (9 damage)
                  | ... with a bolt of lightning
 33150 | Vaults:3 | Demolished by an orc knight
                  | ... wielding a +3 bardiche
                  | (32 damage)
 33151 | Vaults:3 | HP: 3/121 [war gargoyle/+0 morningstar[a peacekeeper] (4)]
 33151 | Vaults:3 | Slain by a necrophage (5 damage)
                  | ... summoned by a vampire mage
 33152 | Vaults:3 | Demolished by a war gargoyle
                  | ... wielding a +0 morningstar
                  | ... led by a peacekeeper
                  | (32 damage)
 33154 | Vaults:3 | Annihilated by a war gargoyle
                  | ... wielding a +0 morningstar
                  | ... led by a peacekeeper
                  | (33 damage)
 33155 | Vaults:3 | Slain by a war gargoyle
                  | ... wielding a +0 morningstar
                  | ... led by a peacekeeper
                  | (49 damage)
 33156 | Vaults:3 | Killed from afar by a lindwurm (23 damage)
                  | ... with a blast of flame
 33156 | Vaults:3 | Slain by a war gargoyle
                  | ... wielding a +0 morningstar
                  | ... led by a peacekeeper
                  | (37 damage)
 33157 | Vaults:3 | Slain by a war gargoyle
                  | ... wielding a +0 morningstar
                  | ... led by a peacekeeper
                  | (30 damage)
 33158 | Vaults:3 | HP: 2/116 [ironbound thunderhulk/bolt of lightning[a
                  | glowing orange brain] (13)]
 33158 | Vaults:3 | Mangled by a vampire mage (11 damage)
 33159 | Vaults:3 | Mangled by a war gargoyle
                  | ... wielding a +0 morningstar
                  | ... led by a peacekeeper
                  | (28 damage)
 33160 | Vaults:3 | Demolished by a war gargoyle
                  | ... wielding a +0 morningstar
                  | ... led by a peacekeeper
                  | (48 damage)
 33161 | Vaults:3 | Mangled by a war gargoyle
                  | ... wielding a +0 morningstar
                  | ... led by a peacekeeper
                  | (21 damage)
 33162 | Vaults:3 | Slain by a war gargoyle
                  | ... wielding a +0 morningstar
                  | ... led by a peacekeeper
                  | (10 damage)
 33164 | Vaults:3 | HP: 5/109 [something (10)]
 33164 | Vaults:3 | HP: 2/109 [something (3)]
 33164 | Vaults:3 | Slain by a brown ugly thing (7 damage)
                  | ... led by a wizard
 33165 | Vaults:3 | Annihilated by a war gargoyle
                  | ... wielding a +0 morningstar
                  | ... led by a peacekeeper
                  | (45 damage)
 33166 | Vaults:3 | Slain by a war gargoyle
                  | ... wielding a +0 morningstar
                  | ... led by a peacekeeper
                  | (43 damage)
 33167 | Vaults:3 | Mangled by a vault guard
                  | ... wielding a +0 broad axe
                  | ... led by a vault warden
                  | (20 damage)
 33168 | Vaults:3 | Killed from afar by an ironbound thunderhulk (17 damage)
                  | ... with a bolt of lightning
 33168 | Vaults:3 | Mangled by a vault guard
                  | ... wielding a +0 broad axe
                  | ... led by a vault warden
                  | (9 damage)
 33169 | Vaults:3 | Demolished by a war gargoyle
                  | ... wielding a +0 morningstar
                  | ... led by a peacekeeper
                  | (42 damage)
 33171 | Vaults:3 | Killed from afar by an ironbound thunderhulk (15 damage)
                  | ... with a bolt of lightning
                  | ... summoned by a glowing orange brain
 33171 | Vaults:3 | Slain by an orc knight
                  | ... wielding a +3 bardiche
                  | (25 damage)
 33172 | Vaults:3 | Mangled by an enormous slime creature (19 damage)
 33173 | Vaults:3 | Demolished by a peacekeeper (30 damage)
 33173 | Vaults:3 | Mangled by a vault guard
                  | ... wielding a +0 broad axe
                  | ... led by a vault warden
                  | (25 damage)
 33174 | Vaults:3 | HP: 2/99 [brown ugly thing[a wizard] (9)]
 33174 | Vaults:3 | Splashed by a brown ugly thing's acid (7 damage)
                  | ... led by a wizard
 33175 | Vaults:3 | Slain by a necrophage (2 damage)
                  | ... summoned by a vampire mage
 33176 | Vaults:3 | Splashed by a brown ugly thing's acid (9 damage)
                  | ... led by a wizard
 33178 | Vaults:3 | Demolished by a peacekeeper (34 damage)
 33178 | Vaults:3 | Splashed by a brown ugly thing's acid (9 damage)
                  | ... led by a wizard
 33179 | Vaults:3 | HP: 1/94 [brown ugly thing[a wizard] (17)]
 33179 | Vaults:3 | Splashed by a brown ugly thing's acid (7 damage)
                  | ... led by a wizard
 33180 | Vaults:3 | Slain by an orc knight
                  | ... wielding a +3 bardiche
                  | (34 damage)
 33181 | Vaults:3 | Splashed by a brown ugly thing's acid (8 damage)
                  | ... led by a wizard
 33182 | Vaults:3 | Slain by an enormous slime creature (7 damage)
 33183 | Vaults:3 | Demolished by an orc knight
                  | ... wielding a +3 bardiche
                  | (20 damage)
 33184 | Vaults:3 | HP: 4/94 [acid[a wizard] (9)]
 33184 | Vaults:3 | Mangled by a vault guard
                  | ... wielding a +0 broad axe
                  | ... led by a vault warden
                  | (17 damage)
 33186 | Vaults:3 | Slain by a brown ugly thing (9 damage)
                  | ... led by a wizard
 33186 | Vaults:3 | Demolished by a large slime creature (27 damage)
 33187 | Vaults:3 | Slain by a brown ugly thing (7 damage)
                  | ... led by a wizard
 33188 | Vaults:3 | Splashed by a brown ugly thing's acid (10 damage)
                  | ... led by a wizard
 33189 | Vaults:3 | HP: 2/96 [vault guard/+0 broad axe[a vault warden] (18)]
 33189 | Vaults:3 | Slain by a flying skull (2 damage)
                  | ... summoned by a vampire mage
 33190 | Vaults:3 | Mangled by a large slime creature (25 damage)
 33191 | Vaults:3 | Mangled by a vault guard
                  | ... wielding a +0 broad axe
                  | ... led by a vault warden
                  | (15 damage)
 33193 | Vaults:3 | Slain by a large slime creature (26 damage)
 33194 | Vaults:3 | Mangled by a large slime creature (27 damage)
 33195 | Vaults:3 | HP: 2/96 [brown ugly thing[a wizard] (13)]
 33195 | Vaults:3 | Splashed by a brown ugly thing's acid (7 damage)
                  | ... led by a wizard
 33196 | Vaults:3 | Slain by a cyan ugly thing (13 damage)
                  | ... led by a wizard
 33198 | Vaults:3 | Killed from afar by an ironbound thunderhulk (18 damage)
                  | ... with a bolt of lightning
 33199 | Vaults:3 | Annihilated by an orc knight
                  | ... wielding a +3 bardiche
                  | (33 damage)
 33201 | Vaults:3 | Slain by a brown ugly thing (5 damage)
                  | ... led by a wizard
 33202 | Vaults:3 | Splashed by a brown ugly thing's acid (9 damage)
                  | ... led by a wizard
 33203 | Vaults:3 | Slain by a flying skull (10 damage)
                  | ... summoned by a vampire mage
 33204 | Vaults:3 | HP: 1/98 [large slime creature (28)]
 33204 | Vaults:3 | Mangled by a brown ugly thing (14 damage)
                  | ... led by a wizard
 33204 | Vaults:3 | Mangled by a large slime creature (17 damage)
 33205 | Vaults:3 | Mangled by a flying skull (11 damage)
                  | ... summoned by a vampire mage
 33207 | Vaults:3 | Slain by an orc knight
                  | ... wielding a +3 bardiche
                  | (13 damage)
 33208 | Vaults:3 | Slain by a large slime creature (28 damage)
 33209 | Vaults:3 | Slain by a vault guard
                  | ... wielding a +0 broad axe
                  | ... led by a vault warden
                  | (18 damage)
 33210 | Vaults:3 | Mangled by a purple ugly thing (18 damage)
                  | ... led by a wizard
 33212 | Vaults:3 | Slain by a large slime creature (21 damage)
 33213 | Vaults:3 | Slain by an orc knight
                  | ... wielding a +3 bardiche
                  | (12 damage)
 33214 | Vaults:3 | Slain by a vault guard
                  | ... wielding a +0 broad axe
                  | ... led by a vault warden
                  | (20 damage)
 33215 | Vaults:3 | HP: 1/98 [vault guard/+0 broad axe[a vault warden] (9)]
 33216 | Vaults:3 | Mangled by a purple ugly thing (14 damage)
                  | ... led by a wizard
 33217 | Vaults:3 | Mangled by a purple ugly thing (18 damage)
                  | ... led by a wizard
 33218 | Vaults:3 | Mangled by a large slime creature (14 damage)
 33219 | Vaults:3 | Splashed by a brown ugly thing's acid (11 damage)
                  | ... led by a wizard
 33220 | Vaults:3 | Demolished by a large slime creature (41 damage)
 33221 | Vaults:3 | Slain by a purple ugly thing (21 damage)
                  | ... led by a wizard
 33223 | Vaults:3 | Demolished by an orc knight
                  | ... wielding a +3 bardiche
                  | (30 damage)
 33224 | Vaults:3 | Slain by an ironbound thunderhulk
                  | ... wielding a +0 dire flail
                  | (25 damage)
 33226 | Vaults:3 | Mangled by an ironbound thunderhulk
                  | ... wielding a +0 dire flail
                  | (26 damage)
 33226 | Vaults:3 | HP: 2/98 [purple ugly thing[a wizard] (8)]
 33227 | Vaults:3 | Mangled by a large slime creature (14 damage)
 33228 | Vaults:3 | Slain by a large slime creature (19 damage)
 33228 | Vaults:3 | Slain by an ironbound thunderhulk
                  | ... wielding a +0 dire flail
                  | (17 damage)
 33229 | Vaults:3 | Demolished by a vault guard
                  | ... wielding a +0 broad axe
                  | ... led by a vault warden
                  | (20 damage)
 33230 | Vaults:3 | Mangled by a large slime creature (22 damage)
 33231 | Vaults:3 | Splashed by a brown ugly thing's acid (7 damage)
                  | ... led by a wizard
 33232 | Vaults:3 | Splashed by a brown ugly thing's acid (7 damage)
                  | ... led by a wizard
 33233 | Vaults:3 | HP: 4/98 [acid[a wizard] (8)]
 33233 | Vaults:3 | Killed from afar by an ironbound thunderhulk (16 damage)
                  | ... with a bolt of lightning
 33235 | Vaults:3 | HP: 1/98 [flying skull[a vampire mage] (4)]
 33235 | Vaults:3 | Slain by a brown ugly thing (3 damage)
                  | ... led by a wizard
 33238 | Vaults:3 | Demolished by a fire giant simulacrum (36 damage)
                  | ... summoned by a vampire mage
 33239 | Vaults:3 | Annihilated by a fire giant simulacrum (66 damage)
                  | ... summoned by a vampire mage
 33240 | Vaults:3 | Annihilated by a fire giant simulacrum (60 damage)
                  | ... summoned by a vampire mage
 33241 | Vaults:3 | HP: 1/98 [brown ugly thing[a wizard] (14)]
 33241 | Vaults:3 | Splashed by a brown ugly thing's acid (9 damage)
                  | ... led by a wizard
 33242 | Vaults:3 | Demolished by a vault guard
                  | ... wielding a +0 broad axe
                  | ... led by a vault warden
                  | (20 damage)
 33243 | Vaults:3 | Annihilated by a fire giant simulacrum (42 damage)
                  | ... summoned by a vampire mage
 33244 | Vaults:3 | Mangled by a fire giant simulacrum (46 damage)
                  | ... summoned by a vampire mage
 33246 | Vaults:3 | Mangled by a vampire mage (15 damage)
 33247 | Vaults:3 | Slain by a fire giant simulacrum (30 damage)
                  | ... summoned by a vampire mage
 33248 | Vaults:3 | Mangled by a fire giant simulacrum (23 damage)
                  | ... summoned by a vampire mage
 33249 | Vaults:3 | Annihilated by a fire giant simulacrum (61 damage)
                  | ... summoned by a vampire mage
 33250 | Vaults:3 | Annihilated by a fire giant simulacrum (43 damage)
                  | ... summoned by a vampire mage
 33251 | Vaults:3 | HP: 4/98 [orc knight/+3 bardiche (19)]
 33251 | Vaults:3 | Slain by a brown ugly thing (4 damage)
                  | ... led by a wizard
 33251 | Vaults:3 | Demolished by a vault guard
                  | ... wielding a +0 broad axe
                  | ... led by a vault warden
                  | (29 damage)
 33252 | Vaults:3 | Mangled by an orc knight
                  | ... wielding a +3 bardiche
                  | (22 damage)
 33253 | Vaults:3 | Demolished by an orc knight
                  | ... wielding a +3 bardiche
                  | (31 damage)
 33253 | Vaults:3 | Annihilated by a fire giant simulacrum (40 damage)
                  | ... summoned by a vampire mage
 33254 | Vaults:3 | Slain by a fire giant simulacrum (10 damage)
                  | ... summoned by a vampire mage
 33255 | Vaults:3 | Slain by a freezing wraith (16 damage)
                  | ... summoned by a vampire mage
 33255 | Vaults:3 | Slain by a fire giant simulacrum (42 damage)
                  | ... summoned by a vampire mage
 33256 | Vaults:3 | Mangled by an orc knight
                  | ... wielding a +3 bardiche
                  | (15 damage)
 33256 | Vaults:3 | Demolished by a fire giant simulacrum (37 damage)
                  | ... summoned by a vampire mage
 33258 | Vaults:3 | HP: 2/98 [vampire mage (7)]
 33258 | Vaults:3 | Slain by a vampire mage (2 damage)
 33259 | Vaults:3 | Mangled by a vampire mage (11 damage)
 33259 | Vaults:3 | Mangled by a vault guard
                  | ... wielding a +0 broad axe
                  | ... led by a vault warden
                  | (18 damage)
 33261 | Vaults:3 | Slain by a freezing wraith (4 damage)
                  | ... summoned by a vampire mage
 33262 | Vaults:3 | Mangled by a freezing wraith (24 damage)
                  | ... summoned by a vampire mage
 33263 | Vaults:3 | Mangled by a freezing wraith (19 damage)
                  | ... summoned by a vampire mage
 33266 | Vaults:3 | Mangled by a vault guard
                  | ... wielding a +0 broad axe
                  | ... led by a vault warden
                  | (23 damage)
 33267 | Vaults:3 | HP: 3/90 [crystal guardian[a peacekeeper] (3)]
 33267 | Vaults:3 | Slain by an orc knight
                  | ... wielding a +3 bardiche
                  | (8 damage)
 33269 | Vaults:3 | Killed from afar by an ironbound frostheart (58 damage)
                  | ... by creeping frost
                  | ... summoned by a glowing orange brain
 33271 | Vaults:3 | Demolished by an orc knight
                  | ... wielding a +3 bardiche
                  | (28 damage)
 33272 | Vaults:3 | Slain by an ironbound frostheart (10 damage)
                  | ... summoned by a glowing orange brain
 33273 | Vaults:3 | Mangled by an ironbound frostheart (28 damage)
                  | ... summoned by a glowing orange brain
 33274 | Vaults:3 | HP: 3/92 [orc knight/+3 bardiche (26)]
 33274 | Vaults:3 | Annihilated by a purple ugly thing (28 damage)
                  | ... led by a wizard
 33275 | Vaults:3 | Killed from afar by an ironbound frostheart (48 damage)
                  | ... by creeping frost
                  | ... summoned by a glowing orange brain
 33276 | Vaults:3 | Annihilated by an ironbound frostheart (36 damage)
                  | ... summoned by a glowing orange brain
 33277 | Vaults:3 | Killed from afar by an ironbound frostheart (67 damage)
                  | ... by creeping frost
                  | ... summoned by a glowing orange brain
 33277 | Vaults:3 | Slain by a vault guard
                  | ... wielding a +0 broad axe
                  | ... led by a vault warden
                  | (7 damage)
 33279 | Vaults:3 | Mangled by an orc knight
                  | ... wielding a +3 bardiche
                  | (19 damage)
 33280 | Vaults:3 | Mangled by an orc knight
                  | ... wielding a +3 bardiche
                  | (19 damage)
 33282 | Vaults:3 | Mangled by a purple ugly thing (13 damage)
                  | ... led by a wizard
 33283 | Vaults:3 | Mangled by an orc knight
                  | ... wielding a +3 bardiche
                  | (21 damage)
 33284 | Vaults:3 | Slain by a purple ugly thing (33 damage)
                  | ... led by a wizard
 33285 | Vaults:3 | Annihilated by a purple ugly thing (33 damage)
                  | ... led by a wizard
 33286 | Vaults:3 | HP: 4/94 [wizard/+0 dagger (7)]
 33286 | Vaults:3 | Demolished by a vault guard
                  | ... wielding a +0 broad axe
                  | ... led by a vault warden
                  | (19 damage)
 33287 | Vaults:3 | Demolished by an ironbound thunderhulk
                  | ... wielding a +0 dire flail
                  | (31 damage)
 33289 | Vaults:3 | Slain by an orc knight
                  | ... wielding a +3 bardiche
                  | (25 damage)
 33290 | Vaults:3 | Slain by an orc knight
                  | ... wielding a +3 bardiche
                  | (19 damage)
 33292 | Vaults:3 | Demolished by an orc knight
                  | ... wielding a +3 bardiche
                  | (29 damage)
 33293 | Vaults:3 | Mangled by a purple ugly thing (22 damage)
                  | ... led by a wizard
 33295 | Vaults:3 | HP: 1/94 [purple ugly thing[a wizard] (12)]
 33295 | Vaults:3 | Demolished by an orc knight
                  | ... wielding a +3 bardiche
                  | (19 damage)
 33296 | Vaults:3 | Mangled by a slime creature (9 damage)
 33298 | Vaults:3 | Slain by a red ugly thing (9 damage)
                  | ... led by a wizard
 33299 | Vaults:3 | Mangled by a red ugly thing (17 damage)
                  | ... led by a wizard
 33299 | Vaults:3 | Slain by a yaktaur (18 damage)
                  | ... led by a yaktaur captain
 33300 | Vaults:3 | Slain by a slime creature (11 damage)
 33303 | Abyss:4  | Cast into level 4 of the Abyss (a wizard)
 33311 | Abyss:4  | HP: 1/94 [thrashing horror (4)]
 33312 | Abyss:4  | Slain by a thrashing horror (4 damage)
 33322 | Abyss:4  | HP: 1/94 [thrashing horror (6)]
 33322 | Abyss:4  | Slain by a thrashing horror (5 damage)
 33331 | Abyss:4  | HP: 2/94 [thrashing horror (12)]
 33332 | Abyss:4  | Mangled by a starcursed mass (11 damage)
 33334 | Abyss:4  | Killed from afar by a starcursed mass (23 damage)
                  | ... with an accursed screaming
 33337 | Abyss:4  | Paralysed by accursed screaming for 2 turns
 33340 | Abyss:4  | Slain by a thrashing horror (7 damage)
 33345 | Abyss:4  | Killed from afar by a starcursed mass (17 damage)
                  | ... with an accursed screaming
 33352 | Abyss:4  | Slain by a starcursed mass (11 damage)
 33356 | Abyss:4  | Paralysed by accursed screaming for 1 turns
 33361 | Abyss:4  | Slain by a thrashing horror (9 damage)
 33362 | Abyss:4  | Paralysed by accursed screaming for 1 turns
 33368 | Abyss:4  | Paralysed by accursed screaming for 1 turns
 33371 | Abyss:4  | Slain by a starcursed mass (8 damage)
 33380 | Abyss:4  | HP: 3/109 [starcursed mass/accursed screaming (11)]
 33380 | Abyss:4  | Slain by a small abomination (3 damage)
 33386 | Abyss:4  | Paralysed by accursed screaming for 1 turns
 33388 | Abyss:4  | HP: 4/109 [starcursed mass/accursed screaming (8)]
 33389 | Abyss:4  | Mangled by a small abomination (11 damage)
 33389 | Abyss:4  | Paralysed by accursed screaming for 1 turns
 33397 | Abyss:4  | Slain by a large abomination (15 damage)
 33411 | Abyss:4  | Killed by divine providence
                  | ... invoked by a smoke demon
                  | (11 damage)
 33425 | Abyss:4  | Gained mutation: [You are vulnerable to heat. (rF-)]
                  | [hidden defects]
 33425 | Abyss:4  | Lost mutation: You have hidden genetic defects. [hidden
                  | defects expressed]
 33433 | Abyss:4  | Noticed a tentacled starspawn
 33433 | Abyss:4  | HP: 5/113 [large abomination (3)]
 33434 | Abyss:4  | Demolished by a large abomination (22 damage)
 33464 | Abyss:4  | Slain by a tentacled starspawn (illusionary) (16 damage)
 33472 | Abyss:4  | HP: 3/114 [ancient zyme (3)]
 33473 | Abyss:4  | Slain by a tentacled starspawn (illusionary) (7 damage)
 33479 | Abyss:4  | Killed a tentacled starspawn
 33487 | Abyss:4  | Slain by an ancient zyme (11 damage)
 33553 | Abyss:4  | HP: 3/121 [red draconian scorcher/+0 short sword (4)]
 33554 | Abyss:4  | Slain by a red draconian scorcher
                  | ... wielding a +0 short sword
                  | (7 damage)
 33556 | Abyss:4  | Paralysed by accursed screaming for 2 turns
 33556 | Abyss:4  | Noticed a bone dragon
 33557 | Abyss:4  | Reached XP level 18. HP: 102/130 MP: 30/30
 33565 | Abyss:4  | HP: 5/130 [bone dragon (12)]
 33567 | Abyss:4  | Mangled by a bone dragon (13 damage)
 33567 | Abyss:4  | Paralysed by accursed screaming for 2 turns
 33575 | Abyss:4  | HP: 4/130 [starcursed mass/accursed screaming (13)]
 33575 | Abyss:4  | Mangled by a bone dragon (11 damage)
 33578 | Abyss:4  | Paralysed by accursed screaming for 1 turns
 33581 | Abyss:4  | Slain by a bone dragon (15 damage)
 33590 | Abyss:4  | HP: 3/130 [starcursed mass (6)]
 33590 | Abyss:4  | Mangled by a starcursed mass (9 damage)
 33591 | Abyss:4  | Killed a bone dragon
 33601 | Abyss:4  | Paralysed by accursed screaming for 1 turns
 33601 | Abyss:4  | Killed from afar by an efreet (30 damage)
                  | ... with a bolt of fire
                  | ... while paralysed by accursed screaming
 33617 | Abyss:4  | Paralysed by accursed screaming for 1 turns
 33620 | Abyss:4  | Mangled by a phantasmal warrior (15 damage)
 33622 | Abyss:4  | Lost dexterity.
 33635 | Abyss:5  | Found a corrupted altar of Lugonu.
 33645 | Abyss:5  | HP: 3/134 [starcursed mass (8)]
 33649 | Abyss:5  | Killed from afar by a starcursed mass (8 damage)
                  | ... with an accursed screaming
 33649 | Abyss:5  | Paralysed by accursed screaming for 1 turns
 33651 | Abyss:5  | Paralysed by accursed screaming for 1 turns
 33651 | Abyss:5  | Noticed a bone dragon
 33655 | Abyss:5  | Paralysed by accursed screaming for 1 turns
 33659 | Abyss:5  | HP: 1/134 [bone dragon (6)]
 33660 | Abyss:5  | Mangled by a starcursed mass (7 damage)
 33662 | Abyss:5  | Paralysed by accursed screaming for 1 turns
 33665 | Abyss:5  | HP: 4/134 [bone dragon (9)]
 33666 | Abyss:5  | Killed from afar by a starcursed mass (16 damage)
                  | ... with an accursed screaming
 33666 | Abyss:5  | Paralysed by accursed screaming for 2 turns
 33672 | Abyss:5  | HP: 4/134 [starcursed mass (10)]
 33673 | Abyss:5  | Slain by a bone dragon (4 damage)
 33675 | Abyss:5  | Paralysed by accursed screaming for 2 turns
 33677 | Abyss:5  | HP: 4/91 [starcursed mass (2)]
 33677 | Abyss:5  | Killed from afar by a starcursed mass (17 damage)
                  | ... with an accursed screaming
 33680 | Abyss:5  | HP: 1/91 [starcursed mass (4)]
 33680 | Abyss:5  | Killed from afar by a starcursed mass (7 damage)
                  | ... with an accursed screaming
 33682 | Abyss:5  | Paralysed by accursed screaming for 2 turns
 33682 | Abyss:5  | Demolished by a bone dragon (23 damage)
                  | ... while paralysed by accursed screaming
 33685 | Abyss:5  | Mangled by a bone dragon (15 damage)
 33688 | Abyss:5  | Mangled by a bone dragon (18 damage)
 33694 | Abyss:5  | Paralysed by accursed screaming for 2 turns
 33695 | Abyss:5  | HP: 4/138 [starcursed mass/accursed screaming (12)]
 33695 | Abyss:5  | Slain by a large abomination (4 damage)
                  | ... while paralysed by accursed screaming
 33704 | Abyss:5  | HP: 3/92 [starcursed mass (7)]
 33704 | Abyss:5  | Slain by a starcursed mass (7 damage)
 33708 | Abyss:5  | Slain by a starcursed mass (7 damage)
 33709 | Abyss:5  | Killed a bone dragon
 33710 | Abyss:5  | Paralysed by accursed screaming for 2 turns
 33712 | Abyss:5  | Slain by a starcursed mass (illusionary) (11 damage)
 33716 | Abyss:5  | HP: 2/96 [starcursed mass (9)]
 33717 | Abyss:5  | Slain by a starcursed mass (illusionary) (6 damage)
 33718 | Abyss:5  | Paralysed by accursed screaming for 2 turns
 33719 | Abyss:5  | Mangled by a starcursed mass (illusionary) (14 damage)
                  | ... while paralysed by accursed screaming
 33722 | Abyss:5  | HP: 4/96 [starcursed mass (7)]
 33722 | Abyss:5  | Mangled by a starcursed mass (10 damage)
 33726 | Abyss:5  | Mangled by a small abomination (15 damage)
 33726 | Abyss:5  | Paralysed by accursed screaming for 2 turns
 33728 | Abyss:5  | HP: 2/96 [starcursed mass (4)]
 33728 | Abyss:5  | Killed by divine providence
                  | ... invoked by a smoke demon (illusionary)
                  | (12 damage)
 33731 | Abyss:5  | Slain by a starcursed mass (5 damage)
 33739 | Abyss:5  | Mangled by a rakshasa
                  | ... wielding a +0 trident
                  | (14 damage)
 33740 | Abyss:5  | Paralysed by accursed screaming for 1 turns
 33741 | Abyss:5  | Slain by a large abomination (13 damage)
 33743 | Abyss:5  | Paralysed by accursed screaming for 1 turns
 33744 | Abyss:5  | HP: 1/96 [smoke demon (illusionary)/divine providence (10)]
 33745 | Abyss:5  | Killed from afar by a starcursed mass (12 damage)
                  | ... with an accursed screaming
 33748 | Abyss:5  | Slain by a rakshasa
                  | ... wielding a +0 trident
                  | (7 damage)
 33749 | Abyss:5  | Paralysed by accursed screaming for 1 turns
 33749 | Abyss:5  | HP: 4/96 [rakshasa/+0 trident (9)]
 33749 | Abyss:5  | Killed by divine providence
                  | ... invoked by a smoke demon (illusionary)
                  | (10 damage)
                  | ... while paralysed by accursed screaming
 33752 | Abyss:5  | Slain by a starcursed mass (illusionary) (11 damage)
 33754 | Abyss:5  | HP: 1/94 [apocalypse crab (illusionary) (27)]
 33754 | Abyss:5  | Mangled by a raiju (7 damage)
 33757 | Abyss:5  | Killed from afar by a raiju (3 damage)
                  | ... with a living lightning
 33758 | Abyss:5  | Lost strength.
 33761 | Abyss:5  | HP: 4/141 [starcursed mass/accursed screaming (15)]
 33761 | Abyss:5  | Slain by a raiju (7 damage)
                  | ... while paralysed
 33766 | Abyss:5  | HP: 3/141 [burnt (7)]
 33766 | Abyss:5  | Slain by a raiju (3 damage)
 33771 | Abyss:5  | HP: 2/94 [raiju/living lightning (5)]
 33772 | Abyss:5  | Mangled by a hell hog (9 damage)
 33772 | Abyss:5  | Paralysed by accursed screaming for 1 turns
 33775 | Abyss:5  | Paralysed by accursed screaming for 1 turns
 33776 | Abyss:5  | Killed from afar by a wretched star (21 damage)
                  | ... with a lance of force
 33778 | Abyss:5  | Mangled by a rakshasa
                  | ... wielding a +0 trident
                  | (11 damage)
 33779 | Abyss:5  | HP: 2/94 [rakshasa/+0 trident (21)]
 33780 | Abyss:5  | Slain by a hell hog (2 damage)
 33782 | Abyss:5  | Mangled by a rakshasa
                  | ... wielding a +0 trident
                  | (24 damage)
 33784 | Abyss:5  | Killed by divine providence
                  | ... invoked by a smoke demon (illusionary)
                  | (11 damage)
 33786 | Abyss:5  | Slain by a rakshasa
                  | ... wielding a +0 trident
                  | (14 damage)
 33786 | Abyss:5  | Paralysed by accursed screaming for 1 turns
 33788 | Abyss:5  | Mangled by a rakshasa
                  | ... wielding a +0 trident
                  | (16 damage)
 33788 | Abyss:5  | Paralysed by accursed screaming for 1 turns
 33791 | Abyss:5  | Succumbed to an orange demon's poison
 33793 | Abyss:5  | HP: 4/95 [raiju (3)]
 33793 | Abyss:5  | Killed from afar by a starcursed mass (14 damage)
                  | ... with an accursed screaming
 33793 | Abyss:5  | Paralysed by accursed screaming for 1 turns
 33796 | Abyss:5  | Slain by a tentacled starspawn (11 damage)
 33798 | Abyss:5  | Killed by divine providence
                  | ... invoked by a smoke demon
                  | (11 damage)
 33801 | Abyss:5  | HP: 2/95 [tentacled starspawn (12)]
 33801 | Abyss:5  | Mangled by a tentacled starspawn (12 damage)
 33806 | Abyss:5  | Mangled by a tentacled starspawn (14 damage)
 33809 | Abyss:5  | Slain by a hell hog (9 damage)
 33811 | Abyss:5  | HP: 2/96 [orange demon (4)]
 33811 | Abyss:5  | Slain by a tentacled starspawn (6 damage)
 33812 | Abyss:5  | Killed from afar by a starcursed mass (11 damage)
                  | ... with an accursed screaming
 33814 | Abyss:5  | Killed from afar by a starcursed mass (8 damage)
                  | ... with an accursed screaming
 33814 | Abyss:5  | Paralysed by accursed screaming for 1 turns
 33816 | Abyss:5  | Mangled by a tentacled starspawn (32 damage)
 33818 | Abyss:5  | Succumbed to a guardian serpent's bolt of poison
 33820 | Abyss:5  | Slain by a large abomination (18 damage)
 33837 | Abyss:5  | HP: 3/96 [starcursed mass/accursed screaming (5)]
 33841 | Abyss:5  | Killed from afar by a starcursed mass (6 damage)
                  | ... with an accursed screaming
 33861 | Abyss:5  | HP: 7/144 [starcursed mass/accursed screaming (10)]
 33861 | Abyss:5  | Paralysed by accursed screaming for 2 turns
 33862 | Abyss:5  | Slain by a tormentor (5 damage)
                  | ... while paralysed by accursed screaming
 33872 | Abyss:5  | HP: 5/111 [blizzard demon (1)]
 33872 | Abyss:5  | Slain by a blizzard demon (9 damage)
 33874 | Abyss:5  | Killed from afar by a blizzard demon (13 damage)
                  | ... with a bolt of cold
 33877 | Abyss:5  | Slain by a starcursed mass (11 damage)
 33879 | Abyss:5  | Paralysed by accursed screaming for 2 turns
 33884 | Abyss:5  | Paralysed by accursed screaming for 2 turns
 33886 | Abyss:5  | HP: 3/113 [starcursed mass (12)]
 33886 | Abyss:5  | Killed from afar by a starcursed mass (5 damage)
                  | ... with an accursed screaming
 33894 | Abyss:5  | HP: 3/113 [raiju (8)]
 33894 | Abyss:5  | HP: 1/113 [raiju (2)]
 33894 | Abyss:5  | Slain by an ancient zyme (4 damage)
 33896 | Abyss:5  | Paralysed by accursed screaming for 1 turns
 33902 | Abyss:5  | HP: 1/113 [thrashing horror (6)]
 33902 | Abyss:5  | Slain by a starcursed mass (1 damage)
 33905 | Abyss:5  | Slain by a starcursed mass (8 damage)
 33907 | Abyss:5  | HP: 1/113 [ancient zyme (7)]
 33907 | Abyss:5  | Slain by a raiju (5 damage)
 33910 | Abyss:5  | Paralysed by accursed screaming for 1 turns
 33910 | Abyss:5  | Slain by a thrashing horror (5 damage)
                  | ... while paralysed by accursed screaming
 33912 | Abyss:5  | HP: 5/113 [starcursed mass/accursed screaming (10)]
 33913 | Abyss:5  | HP: 1/113 [thrashing horror (3)]
 33913 | Abyss:5  | Slain by a thrashing horror (2 damage)
 33914 | Abyss:5  | Paralysed by accursed screaming for 1 turns
 33914 | Abyss:5  | Slain by a tentacled starspawn (2 damage)
                  | ... while paralysed by accursed screaming
 33918 | Abyss:5  | HP: 4/113 [burnt (8)]
 33918 | Abyss:5  | Mangled by a thrashing horror (9 damage)
 33921 | Abyss:5  | Killed from afar by a starcursed mass (9 damage)
                  | ... with an accursed screaming
 33921 | Abyss:5  | Paralysed by accursed screaming for 1 turns
 33924 | Abyss:5  | Noticed a lich
 33926 | Abyss:5  | HP: 2/113 [burnt (7)]
 33926 | Abyss:5  | Slain by a thrashing horror (7 damage)
 33928 | Abyss:5  | Killed from afar by a starcursed mass (11 damage)
                  | ... with an accursed screaming
 33928 | Abyss:5  | Paralysed by accursed screaming for 1 turns
 33934 | Abyss:5  | HP: 4/169 [thrashing horror (12)]
 33934 | Abyss:5  | Killed from afar by a starcursed mass (8 damage)
                  | ... with an accursed screaming
 33942 | Abyss:5  | Slain by a tentacled starspawn (28 damage)
 33945 | Abyss:5  | Paralysed by accursed screaming for 1 turns
 33946 | Abyss:5  | HP: 3/127 [red very ugly thing (17)]
 33946 | Abyss:5  | Mangled by a tentacled starspawn (10 damage)
 33949 | Abyss:5  | HP: 1/127 [red very ugly thing (1)]
 33949 | Abyss:5  | Killed from afar by a starcursed mass (9 damage)
                  | ... with an accursed screaming
 33954 | Abyss:5  | HP: 4/142 [ancient zyme (9)]
 33954 | Abyss:5  | Killed from afar by a starcursed mass (8 damage)
                  | ... with an accursed screaming
 33954 | Abyss:5  | Paralysed by accursed screaming for 1 turns
 33964 | Abyss:5  | HP: 5/113 [ancient zyme (4)]
 33964 | Abyss:5  | Slain by an ancient zyme (10 damage)
 33966 | Abyss:5  | Killed from afar by a lich (70 damage)
                  | ... with a bolt of cold
 33973 | Abyss:5  | HP: 2/111 [lich (5)]
 33974 | Abyss:5  | Blown up by a lich (13 damage)
                  | ... with a wavering orb of destruction
 33982 | Abyss:5  | Killed a lich
 33985 | Abyss:5  | HP: 5/127 [tentacled starspawn (22)]
 33985 | Abyss:5  | Slain by a tentacled starspawn (7 damage)
 33995 | Abyss:5  | HP: 2/127 [ancient zyme (8)]
 33995 | Abyss:5  | Mangled by an ancient zyme (10 damage)
 33999 | Abyss:5  | Slain by a tentacled starspawn (30 damage)
 34005 | Abyss:5  | Mangled by a tentacled starspawn (22 damage)
 34013 | Abyss:5  | Reached skill level 14 in Unarmed Combat
 34014 | Abyss:5  | HP: 4/99 [burnt (7)]
 34014 | Abyss:5  | HP: 1/99 [red very ugly thing (3)]
 34014 | Abyss:5  | Killed from afar by a starcursed mass (12 damage)
                  | ... with an accursed screaming
 34021 | Abyss:5  | HP: 4/99 [starcursed mass/accursed screaming (5)]
 34021 | Abyss:5  | HP: 1/99 [raiju (2)]
 34022 | Abyss:5  | Incinerated by a red very ugly thing (15 damage)
 34027 | Abyss:5  | Killed from afar by a starcursed mass (5 damage)
                  | ... with an accursed screaming
 34031 | Abyss:5  | HP: 3/99 [purple very ugly thing (5)]
 34032 | Abyss:5  | Annihilated by a white very ugly thing (57 damage)
 34034 | Abyss:5  | Annihilated by a white very ugly thing (73 damage)
 34037 | Abyss:5  | Incinerated by a red very ugly thing (10 damage)
 34046 | Abyss:5  | HP: 1/148 [burnt (8)]
 34046 | Abyss:5  | Slain by a red very ugly thing (3 damage)
 34053 | Vaults:3 | Escaped the Abyss
 34054 | Vaults:3 | Mangled by an orc knight

Illustrated notes

Levels and vault maps discovered:
D:1:      dpeg_arrival_windows_large_door, layout_loops_cross,
          ebering_ecumenical_altar_webs, serial_shops, shop
D:2:      layout_basic
D:3:      layout_basic, led_sif_pool, hangedman_decor_clover_reticule,
          amethyst_killhole, hangedman_abyss_or_decor_lesser_grid, uniq_terence
D:4:      layout_rooms, mainiacjoe_overflow_chevrons,
          minmay_overflow_temple_star_quad, serial_shops, shop
D:5:      minmay_polygon_palace, layout_loops_ring,
          minmay_temple_entry_from_below_a
D:6:      layout_loops_cross, mainiacjoe_overflow_boulevard,
          portal_sewer_entry_a, supply_closet_lemuel, patterned_corridor
D:7:      layout_loops_cross, nicolae_tso_carved_into_rock, hex_large,
          kennysheep_pointless_box
D:8:      layout_loops_ring, nicolae_wu_jian_immortal_techniques,
          grunt_livestock, minmay_stone_trees_medium, uniq_grum,
          uniq_prince_ribbit1, uniq_gastronok
D:9:      layout_loops_ring, mainiacjoe_overflow_24_doors, lair_entry_dummy,
          zombieorc2_lemuel
D:10:     layout_basic, mainiacjoe_overflow_paths, vehumet_crystals,
          serial_shops, shop, uniq_psyche, uniq_erica
D:11:     layout_grid_maze
D:12:     layout_basic, gauntlet_entry_generic, serial_glass, glass_columns_a,
          glass_columns_b
D:13:     fort_yaktaur, layout_loops_cross, serial_undead, serial_undead_a,
          serial_undead_a, serial_undead_c, serial_undead_d
D:14:     layout_irregular_city, david_vaults_1,
          nicolae_qazlal_style_of_elements, uniq_roxanne
Orc:1:    hellmonk_paralyzer, layout_caves, serial_shops,
          nicolae_shop_pleasant_corner_grove
Orc:2:    st_orc_elflike, layout_caves, uniq_donald
Vaults:1: ontoclasm_vaults_pinch, vaults_room_octagon,
          nicolae_vaults_closet_pinwheel_3, hangedman_vaults_slice,
          hangedman_vaults_trim, nicolae_vaults_diamond_1,
          ontoclasm_vaults_gateway, grunt_vaults_hallway_short,
          nicolae_vaults_shipping_containers_6, hangedman_vaults_trim,
          layout_vaults_omnigrid
Vaults:2: mu_enter_wizlab_3, grunt_vaults_swirl,
          ontoclasm_vaults_decontamination, vaults_room_pool,
          nicolae_vaults_apartment_1, hangedman_vaults_unwind,
          vaults_dpeg_emergency_exit, nicolae_vaults_mini_display_case,
          nicolae_vaults_security_offices_3,
          nicolae_vaults_trapezoid_lopsided_3, nicolae_vaults_surprise_closet,
          vaults_room_semicircle, layout_vaults_big_room, enter_trove_1,
          uniq_jory, uniq_saint_roka
Vaults:3: v_misc_3, vaults_room_ringed_pool, nicolae_vaults_circle_grid_a,
          nicolae_vaults_trapezoid_lopsided_1, nicolae_vaults_disjoint_gnomons,
          hangedman_vaults_slither, v_misc_9, minmay_crypt_entry_simple_statues,
          vaults_room_fours, nicolae_vaults_cornered_office,
          nicolae_vaults_diamond_1, nicolae_vaults_tetromino_L_2,
          layout_vaults_omnibox

Skill      XL: |  1  2  3  4  5  6  7  8  9 10 11 12 13 14 15 16 17 18 |
---------------+-------------------------------------------------------+-----
Invocations    | 1 2 3 4 5 6 7 8 9 10 11 12 13 | 13.5
Short Blades   | 1 2 3 4 5 6 8 9 10 11 12 | 12.5
Long Blades    | 1 2 3 4 5 6 8 9 10 11 12 | 12.5
Axes           | 1 2 3 4 5 6 8 9 10 11 12 | 12.5
Maces & Flails | 1 2 3 4 5 6 8 9 10 11 12 | 12.5
Polearms       | 1 2 3 4 5 6 8 9 10 11 12 | 12.5
Staves         | 1 2 3 4 5 6 8 9 10 11 12 | 12.5
Ranged Weapons | 1 2 3 4 5 6 8 9 10 11 12 | 12.5
Throwing       | 1 2 3 4 5 6 8 9 10 11 12 | 12.5
Armour         | 1 2 3 4 5 6 8 9 10 11 12 | 12.5
Stealth        | 1 2 3 4 5 6 8 9 10 11 12 | 12.5
Shields        | 1 2 3 4 5 6 8 9 10 11 12 | 12.5
Spellcasting   | 1 2 3 4 5 6 8 9 10 11 12 | 12.5
Evocations     | 1 2 3 4 5 6 8 9 10 11 12 | 12.5
Conjurations   | 1 2 3 4 5 6 7 8 9 10 | 10.6
Hexes          | 1 2 3 4 5 6 7 8 9 10 | 10.6
Summonings     | 1 2 3 4 5 6 7 8 9 10 | 10.6
Necromancy     | 1 2 3 4 5 6 7 8 9 10 | 10.6
Translocations | 1 2 3 4 5 6 7 8 9 10 | 10.6
Transmutations | 1 2 3 4 5 6 7 8 9 10 | 10.6
Fire Magic     | 1 2 3 4 5 6 7 8 9 10 | 10.6
Ice Magic      | 1 2 3 4 5 6 7 8 9 10 | 10.6
Air Magic      | 1 2 3 4 5 6 7 8 9 10 | 10.6
Earth Magic    | 1 2 3 4 5 6 7 8 9 10 | 10.6
Poison Magic   | 1 2 3 4 5 6 7 8 9 10 | 10.6
Fighting       | 3 4 5 6 7 8 9 10 11 12 | 12.7
Dodging        | 5 6 7 8 9 10 11 12 13 | 13.3
Unarmed Combat | 7 8 9 10 11 12 13 14 | 14.0
Shapeshifting  | 7 8 9 10 11 12 13 | 13.1

Action                     |  1- 3 |  4- 6 |  7- 9 | 10-12 | 13-15 | 16-18 || total
---------------------------+-------+-------+-------+-------+-------+-------++-------
  Melee: Unarmed           |    64 |    95 |   339 |  1062 |  1172 |  2093 ||  4825
         Bite              |     3 |     6 |    47 |   140 |   243 |   422 ||   861
         Punch             |     3 |     4 |     1 |     3 |       |       ||    11
         Dagger            |       |       |       |    46 |       |       ||    46
   Cast: Blink             |       |       |       |     4 |       |     2 ||     6
         Wereblood         |       |       |       |       |       |     3 ||     3
  Evoke: Wand              |       |       |       |     2 |       |     3 ||     5
    Use: Scroll            |       |       |       |     8 |       |       ||     8
         Potion            |       |       |       |     7 |     1 |     1 ||     9
   Stab: Sleeping          |     1 |       |     1 |       |       |       ||     2
         Invisible         |       |       |       |     1 |       |     1 ||     2
 Armour: Animal skin       |    16 |       |       |       |       |       ||    16
         Ring mail         |    16 |    78 |   316 |  1610 |   975 |       ||  2995
         Skin              |       |       |       |   261 |       |       ||   261
         Plate armour      |       |       |       |       |  1512 |  8270 ||  9782
  Dodge: Dodged            |    55 |    75 |   304 |  1518 |  1422 |  3416 ||  6790
   Form: Flux              |       |       |     1 |       |       |       ||     1

Table legend: (Time is in decaauts)
 A = Elapsed time spent in this place.
 B = Non-inter-level travel time spent in this place.
 C = Inter-level travel time spent in this place.
 D = Time resting spent in this place.
 E = Time spent auto-exploring this place.
 F = Levels seen in this place.
 G = Mean time per level.
                   A        B        C        D        E       F      G
               +--------+--------+--------+--------+--------+-----+--------+
         Total |  33781 |  32295 |   1486 |   2731 |  19939 |  26 | 1299.3 |
       Dungeon |  21142 |  20067 |   1075 |   2386 |  12969 |  14 | 1510.1 |
  Orcish Mines |   2025 |   1989 |     36 |      3 |   1272 |   2 | 1012.5 |
        Vaults |   7437 |   7062 |    375 |      0 |   4795 |   3 | 2479.0 |
         Abyss |   1860 |   1860 |      0 |    248 |     98 |   6 |  310.0 |
         Sewer |   1315 |   1315 |      0 |     94 |    804 |   1 | 1315.0 |
               +--------+--------+--------+--------+--------+-----+--------+

Top non-repeatable levels by time:
Vaults:1: 2970 daAuts
Vaults:2: 2633 daAuts
     D:9: 2487 daAuts
    D:13: 2307 daAuts
    D:11: 2238 daAuts
    D:10: 1982 daAuts
Vaults:3: 1833 daAuts
     D:5: 1705 daAuts
     D:7: 1584 daAuts
   Orc:2: 1553 daAuts
     D:8: 1518 daAuts
     D:6: 1442 daAuts
   Sewer: 1315 daAuts
     D:3: 1199 daAuts
     D:2: 1128 daAuts
